 Dungeon Crawl Stone Soup version 0.31-a0-1237-gabc64e778c (webtiles) character file.

Game seed: 231964794688122417

44959265 Ge0ff the Meteorite (level 27, 273/273 HPs)
             Began as a Meteoran Shapeshifter on Dec 15, 2023.
             Was the Champion of Vehumet.
             Escaped with the Orb
             ... and 15 runes on Feb 28, 2024!
             The game lasted 06:11:06 (32539 turns).

Ge0ff the Meteorite (Meteoran Shapeshifter)        Turns: 32539, Time: 06:11:07

Health: 273/273    AC: 18    Str: 29      XL:     27
Magic:  64/64      EV: 24    Int: 37      God:    Vehumet [******]
Gold:   5000       SH: 11    Dex: 17 (18) Spells: 1/80 levels left

rFire   + + +        a - staff of Arbitration {rElec rF+ Conj Earth}
rCold   + + .        Z - +1 buckler of Lyaluxa {Fly rElec Will++ Stlth-}
rNeg    + + +        Q - +3 troll leather armour of Circular Logic {Regen+ Dex+4}
rPois   ∞            i - +2 hat {Will+}
rElec   +            E - +2 cloak {rCorr}
rCorr   +            l - +2 pair of gloves {Str+3}
SInv    .            e - +2 pair of boots {Fly}
Will    +++++        t - amulet of Vitality {RegenMP++ Regen++}
Stlth   +            Y - ring "Huoss" {rF+++ Str+6 Int+5 Slay-2, =R}
HPRegen 3.05/turn    f - ring of Sisiamn {rC+ MP+9 Int+2}
MPRegen 1.19/turn

%: no passive effects
@: death-form, flying, glowing, studying 7 skills
A: vile attack, torment immunity, no potions, sense surroundings 3,
otherworldly, glowing, explore regen, beak, hooves 1, (berserk 1), clever 2,
deterioration 1, fire resistance 1, poison resistance, strong 1, persistent
drain
0: Orb of Zot
}: 15/15 runes: barnacled, slimy, silver, golden, iron, obsidian, icy, bone,
abyssal, demonic, glowing, magical, fiery, dark, gossamer
a: Siphon Essence, Begin Untransformation, Renounce Religion


You escaped.
You worshipped Vehumet.
Vehumet was exalted by your worship.
You were an undying horror.
You visited 17 branches of the dungeon, and saw 85 of its levels.
You visited Pandemonium 1 time, and saw 19 of its levels.
You visited the Abyss 2 times.
You visited 2 bazaars.
You completed 2 ziggurats, and saw 54 of their levels.
You also visited: Trove, Bailey and Ice Cave.

You collected 11671 gold pieces.
You spent 6671 gold pieces at shops.

Inventory:

Hand Weapons
 w - the +7 quarterstaff "Beastslayer" {holy, Dex+6}
   (You found it on level 15 of the Dungeon)

   Dex+6:     It affects your dexterity (+6).
 A - the +13 sceptre of Asmodeus
   (You took it off Asmodeus on level 7 of Gehenna)

   Fire Summon: It may summon demons of flame and damnation when striking foes.
 M - a +9 trident of distortion
Missiles
 g - a throwing net {=F}
 k - 21 silver javelins
 I - 18 javelins
Armour
 e - a +2 pair of boots of flying (worn)
 i - a +2 hat of willpower (worn)
 l - a +2 pair of gloves of strength (worn)
 s - an orb of mayhem
 E - a +2 cloak of preservation (worn)
 Q - the +3 troll leather armour of Circular Logic (worn) {Regen+ Dex+4}
   (You acquired it on level 2 of the Shoals)

   Dex+4:     It affects your dexterity (+4).
   Regen+:    It increases your rate of health regeneration.
 Z - the +1 buckler of Lyaluxa (worn) {Fly rElec Will++ Stlth-}
   (You found it on level 19 of a ziggurat)

   rElec:     It insulates you from electricity.
   Will++:    It greatly increases your willpower.
   Fly:       It grants you flight.
   Stlth-:    It makes you less stealthy.
Magical Staves
 a - the staff of Arbitration (weapon) {rElec rF+ Conj Earth}
   (You found it on level 3 of the Tomb of the Ancients)

   [staff of conjuration]

   Base accuracy: +5 Base damage: 5 Base attack delay: 1.2 This weapon's minimum
   attack delay (0.6) is reached at skill level 12.
   rF+:       It protects you from fire.
   rElec:     It insulates you from electricity.
   Conj:      It increases the power of your Conjurations spells.
   Earth:     It increases the power of your Earth spells.
   It falls into the 'Staves' category.
   It is a one-handed weapon.
 b - the staff of Ambiguity {SInv Conj}
   (You found it on level 18 of a ziggurat)

   [staff of conjuration]

   Base accuracy: +5 Base damage: 5 Base attack delay: 1.2 This weapon's minimum
   attack delay (0.6) is reached at skill level 12.
   SInv:      It lets you see invisible.
   Conj:      It increases the power of your Conjurations spells.
   It falls into the 'Staves' category.
   It is a one-handed weapon.
Jewellery
 f - the ring of Sisiamn (right hand) {rC+ MP+9 Int+2}
   (You acquired it on level 23 of a ziggurat)

   [ring of protection from cold]

   Int+2:     It affects your intelligence (+2).
   rC+:       It protects you from cold.
   MP+9:      It affects your magic capacity (+9).
 h - the ring "Liskyduh" {rElec rCorr Int+6}
   (You found it on level 7 of a ziggurat)

   [ring of intelligence]

   Int+6:     It affects your intelligence (+6).
   rElec:     It insulates you from electricity.
   rCorr:     It protects you from acid and corrosion.
 t - the amulet of Vitality (around neck) {RegenMP++ Regen++}
   (You found it on level 5 of the Pits of Slime)

   [amulet of magic regeneration]

   RegenMP:   It increases your rate of magic regeneration.
   Regen++:   It increases your rate of health regeneration.
 v - the ring "Efuwuwebb" {rC++ Str+6 Int+6 Stlth-}
   (You found it on level 3 of the Crypt)

   [ring of intelligence]

   Str+6:     It affects your strength (+6).
   Int+6:     It affects your intelligence (+6).
   rC++:      It greatly protects you from cold.
   Stlth-:    It makes you less stealthy.
 J - the macabre finger necklace {Finger+ rN+}
   (You bought it in a shop in a bazaar)

   [amulet of nothing]

   Finger+:   It enables you to equip an extra ring.
   rN+:       It protects you from negative energy.
 P - the ring "Penill" {+Blink rF+}
   (You found it in a treasure trove)

   [ring of protection from fire]

   rF+:       It protects you from fire.
   +Blink:    It lets you blink.
 Y - the ring "Huoss" (left hand) {rF+++ Str+6 Int+5 Slay-2, =R}
   (You found it on level 13 of a ziggurat)

   [ring of strength]

   Str+6:     It affects your strength (+6).
   Int+5:     It affects your intelligence (+5).
   Slay-2:    It affects your accuracy & damage with ranged weapons and melee
   (-2).
   rF+++:     It renders you almost immune to fire.
Talismans
 C - a talisman of death (active)
 D - a granite talisman
Wands
 d - a wand of digging (93)
 j - a wand of acid (132)
 p - a wand of paralysis (149)
 r - a wand of roots (144)
Scrolls
 m - 9 scrolls of revelation
 y - 17 scrolls of immolation
 B - 16 scrolls of blinking
 F - 38 scrolls of fog
 S - 5 scrolls of summoning
 T - 34 scrolls of teleportation
 V - 10 scrolls of vulnerability
Potions
 o - 11 potions of ambrosia
 q - 44 potions of curing
 u - 29 potions of mutation {!q}
 z - 4 potions of brilliance
 H - 3 potions of haste {!q}
 K - 4 potions of magic {!q}
 L - 11 potions of lignification
 N - 23 potions of cancellation {!q}
 R - 3 potions of resistance
 W - 31 potions of heal wounds {!q}
 X - 9 potions of enlightenment
Miscellaneous
 c - a condenser vane
 n - a phial of floods
 x - 2 +2 figurines of a ziggurat {!v}
 G - the horn of Geryon
 O - a box of beasts
 U - a phantom mirror


   Skills:
 O Level 27 Fighting
 - Level 14.2(16.0) Maces & Flails
 - Level 11.0(13.7) Staves
 - Level 16.0 Throwing
 - Level 5.0 Armour
 + Level 19.5 Dodging
 + Level 12.8 Stealth
 + Level 21.1 Shields
 - Level 7.0 Unarmed Combat
 O Level 27 Spellcasting
 O Level 27 Conjurations
 + Level 24.7 Necromancy
 O Level 27 Translocations
 + Level 17.6 Transmutations
 + Level 26.7 Fire Magic
 + Level 24.0 Ice Magic
 O Level 27 Air Magic
 O Level 27 Earth Magic
 - Level 10.0 Poison Magic
 + Level 22.6 Evocations
 O Level 27 Shapeshifting


You had one spell level left.
You knew the following spells:

 Your Spells              Type           Power      Damage    Failure   Level
f - Ignition              Fire           64%        3d17      1%          8
g - Apportation           Tloc           100%       N/A       0%          1
j - Maxwell's Capacitive  Air            64%        ∞         1%          8
l - Chain Lightning       Conj/Air       77%        3d102     1%          9
s - Shatter               Erth           77%        3d56*     1%          9
t - Polar Vortex          Ice            61%        12d8*     1%          9
w - Passwall              Tmut/Erth      100%       N/A       0%          2
B - Blink                 Tloc           100%       N/A       0%          2
C - Fire Storm            Conj/Fire      77%        8d19      1%          9
D - Disjunction           Tloc           64%        N/A       1%          8
E - Irradiate             Conj/Tmut      72%        3d35      0%          5
Y - Death's Door          Necr           62%        N/A       1%          9

Your spell library contained the following spells:

 Spells                   Type           Power      Damage    Failure   Level
 Foxfire                  Conj/Fire      100%       2x1d9     0%          1
 Freeze                   Ice            100%       1d10      0%          1
 Kiss of Death            Conj/Necr      100%       2d13      0%          1
 Magic Dart               Conj           100%       1d8       0%          1
 Necrotise                Necr           100%       1d9       0%          1
 Sandblast                Erth           100%       2d20      0%          1
 Shock                    Conj/Air       100%       1d9       0%          1
 Sting                    Tmut/Pois      100%       1d8       0%          1
 Slow                     Hex            100%       N/A       1%          1
 Summon Small Mammal      Summ           100%       N/A       1%          1
 Cigotuvi's Dreadful Rot  Necr/Pois/Air  100%       N/A       0%          2
 Ensorcelled Hibernation  Hex/Ice        100%       N/A       0%          2
 Lesser Beckoning         Tloc           100%       N/A       0%          2
 Momentum Strike          Conj/Tloc      100%       3d10      0%          2
 Poisonous Vapours        Pois/Air       100%       N/A       0%          2
 Scorch                   Fire           100%       2d9       0%          2
 Searing Ray              Conj           100%       2d8       0%          2
 Static Discharge         Conj/Air       100%       3-8/arc   0%          2
 Sublimation of Blood     Necr           100%       N/A       0%          2
 Wereblood                Tmut           100%       N/A       0%          2
 Dazzling Flash           Conj/Hex       100%       N/A       0%          3
 Frozen Ramparts          Ice            100%       1d16      0%          3
 Gell's Gravitas          Tloc           100%       N/A       0%          3
 Hailstorm                Conj/Ice       100%       3d16      0%          3
 Ignite Poison            Fire/Tmut/Pois 100%       N/A       0%          3
 Inner Flame              Hex/Fire       99%        N/A       0%          3
 Mephitic Cloud           Conj/Pois/Air  100%       N/A       0%          3
 Ozocubu's Armour         Ice            100%       N/A       0%          3
 Stone Arrow              Conj/Erth      100%       3d13      0%          3
 Swiftness                Air            100%       N/A       0%          3
 Teleport Other           Tloc           100%       N/A       0%          3
 Vampiric Draining        Necr           100%       2d13      0%          3
 Volatile Blastmotes      Fire/Tloc      100%       2d18      0%          3
 Airstrike                Air            64%        2d(10-26) 0%          4
 Animate Armour           Summ/Erth      100%       N/A       0%          4
 Animate Dead             Necr           100%       N/A       0%          4
 Brom's Barrelling Bould  Conj/Erth      100%       2d11      0%          4
 Dimensional Bullseye     Hex/Tloc       49%        N/A       0%          4
 Dispel Undead            Necr           100%       3d31      0%          4
 Flame Wave               Conj/Fire      100%       2d21      0%          4
 Fulminant Prism          Conj/Hex       61%        3d26      0%          4
 Iskenderun's Mystic Bla  Conj/Tloc      100%       2d19      0%          4
 Leda's Liquefaction      Hex/Erth       61%        N/A       0%          4
 Manifold Assault         Tloc           100%       N/A       0%          4
 Passage of Golubria      Tloc           100%       N/A       0%          4
 Petrify                  Tmut/Erth      100%       N/A       0%          4
 Sticky Flame             Conj/Fire      100%       2d11      0%          4
 Summon Lightning Spire   Summ/Air       99%        N/A       0%          4
 Vhi's Electric Charge    Tloc/Air       100%       N/A       0%          4
 Agony                    Necr           100%       N/A       0%          5
 Arcjolt                  Conj/Air       77%        1d87      0%          5
 Borgnjor's Vile Clutch   Necr/Erth      76%        N/A       0%          5
 Fireball                 Conj/Fire      77%        3d29      0%          5
 Freezing Cloud           Conj/Ice/Air   76%        6-21      0%          5
 Iskenderun's Battlesphe  Conj           100%       2d15      0%          5
 Lee's Rapid Deconstruct  Erth           77%        3d34*     0%          5
 Bombard                  Conj/Erth      90%        9d14      0%          6
 Conjure Ball Lightning   Conj/Air       77%        3x3d28    0%          6
 Death Channel            Necr           62%        N/A       0%          6
 Dispersal                Tloc           64%        N/A       0%          6
 Plasma Beam              Fire/Air       64%        2x1d80    0%          6
 Simulacrum               Ice/Necr       62%        N/A       0%          6
 Starburst                Conj/Fire      77%        6d20      0%          6
 Orb of Destruction       Conj           77%        9d17      0%          7
 Ozocubu's Refrigeration  Ice            61%        4d21      0%          7
 Call Imp                 Summ           98%        N/A       1%          2
 Jinxbite                 Hex            98%        N/A       1%          2
 Call Canine Familiar     Summ           49%        N/A       1%          3
 Confusing Touch          Hex            49%        N/A       1%          3
 Sigil of Binding         Hex            49%        N/A       1%          3
 Summon Guardian Golem    Hex/Summ       49%        N/A       1%          3
 Tukima's Dance           Hex            49%        N/A       1%          3
 Anguish                  Hex/Necr       48%        N/A       1%          4
 Olgreb's Toxic Radiance  Pois           89%        N/A       1%          4
 Summon Ice Beast         Ice/Summ       95%        N/A       1%          4
 Alistair's Intoxication  Tmut/Pois      66%        N/A       1%          5
 Metabolic Englaciation   Hex/Ice        47%        N/A       1%          5
 Silence                  Hex/Air        49%        N/A       1%          5
 Summon Forest            Summ/Tloc      49%        N/A       1%          5
 Yara's Violent Unravell  Hex/Tmut       43%        3d17      1%          5
 Eringya's Noxious Bog    Tmut/Pois      50%        4d6       1%          6
 Malign Gateway           Summ/Tloc      49%        N/A       1%          7
 Spellforged Servitor     Conj/Summ      61%        N/A       1%          7
 Borgnjor's Revivificati  Necr           62%        N/A       1%          8
 Infestation              Necr           62%        N/A       1%          8
 Lehudib's Crystal Spear  Conj/Erth      90%        10d20     1%          8
 Haunt                    Necr/Summ      48%        N/A       2%          7
 Cause Fear               Hex            24%        N/A       4%          4
 Summon Mana Viper        Hex/Summ       49%        N/A       12%         5
 Summon Cactus Giant      Summ           24%        N/A       54%         6
 Enfeeble                 Hex            24%        N/A       98%         7
 Monstrous Menagerie      Summ           24%        N/A       98%         7
 Summon Hydra             Summ           24%        N/A       98%         7
 Discord                  Hex            24%        N/A       100%        8
 Summon Horrible Things   Summ           24%        N/A       100%        8
 Dragon's Call            Summ           24%        N/A       100%        9


Dungeon Overview and Level Annotations

Branches:
Dungeon (15/15)            Temple (1/1) D:4            Lair (5/5) D:8
 Shoals (4/4) Lair:3       Spider (4/4) Lair:2        Slime (5/5) Lair:4
    Orc (2/2) D:12            Elf (0/3) Orc:2        Vaults (5/5) D:14
  Crypt (3/3) Vaults:2       Tomb (3/3) Crypt:3      Depths (4/4) D:15
   Hell (visited)             Dis (7/7) Hell            Geh (7/7) Hell
    Coc (7/7) Hell            Tar (7/7) Hell            Zot (5/5) Depths:4
 Bailey (visited)           IceCv (visited)

Altars:
Ashenzari
Cheibriados
Dithmenos
Elyvilon
Fedhas
Gozag
Hepliaklqana
Kikubaaqudgha
Makhleb
Nemelex Xobeh
Okawaru
Qazlal
Ru
Sif Muna
Trog
Uskayaw
Vehumet
Wu Jian
Xom
Yredelemnul
Zin
The Shining One
Jiyva

Shops:
D:6 !   D:9 (   D:14 *   Orc:2 **([:*!   Shoals:1 (   Vaults:4 *

Portals:
Hell: Depths:1 Depths:2 Depths:3 Depths:4
Abyss: Depths:1 Depths:3
Pandemonium: Depths:2 Depths:3 Depths:4

Annotations:
Shoals:2 3 runed translucent doors, Acaowk's ghost, adept VSBr; Totu's ghost, adept MiBe
Tar:7 Ereshkigal


Innate Abilities, Weirdness & Mutations

You are an undying horror.
Your melee and unarmed attacks drain, slow and weaken victims.
You are immune to unholy pain and torment.
You cannot drink.
You passively map a large area around you.
You are easily found by Zot.
You glow in the dark.
You regain HP and MP as you explore.
You have a beak for a mouth.
You have large cloven feet.
((You sometimes lose your temper in combat.))
Your mind is very acute. (Int +8, Str/Dex -2)
Your body sometimes deteriorates upon taking damage.
Your flesh is heat resistant. (rF+)
Your system is resistant to poisons. (rPois)
Your muscles are strong. (Str +4, Int/Dex -1)
Your health recovers twice as slowly from being drained.


Message History

You kill the rust devil!
Vehumet accepts your kill.
You feel your power returning.
There is a stone staircase leading up here.
You fly upwards.
There is a stone staircase leading down, spattered with blood here.
HP restored.
An Orb Guardian comes into view.
You feel a surge of power! Lightning arcs from your hands!
The bolt of lightning hits the Orb Guardian!!!
The Orb Guardian is severely wounded.
You see here a +0 hand axe.
You feel a surge of power! Lightning arcs from your hands!
The bolt of lightning hits the Orb Guardian!!!!
You kill the Orb Guardian!
Vehumet accepts your kill.
You feel your power returning. The bolt of lightning hits you! You resist.
There is a stone staircase leading up here.
You fly upwards.
There is a stone staircase leading down here.
Magic restored.
A balrug comes into view.
It is wielding a +1 demon whip of venom.
A sun demon comes into view.
The sun demon shouts!
A sun demon comes into view.
You feel a surge of power! Lightning arcs from your hands!
The bolt of lightning hits the sun demon!!!!
The sun demon resists.
You kill the sun demon!
Vehumet accepts your kill.
You feel your power returning.
The bolt of lightning hits the balrug!!!
The balrug is almost dead.
The bolt of lightning hits you! You resist.
The bolt of lightning hits the sun demon!!
The sun demon resists.
The sun demon is heavily wounded.
You hear a shout!
There is a stone staircase leading up here.
HP restored.
The balrug gestures at you. You block the sticky flame.
You fly upwards.
There is a stone staircase leading down here.
Magic restored.
There is a stone staircase leading up, spattered with blood here.
You fly upwards.
There is a stone staircase leading down here.
There is a staircase leading out of the dungeon here.
You have escaped!

............#.....####.##
.............#....# #..#
#............#....# ##.#
#............#....### #.##
....................###..#
...........#.............#
.#.........#..⌠...⌠..###.#
.#..............>....# #.#
##..............z....###.#
##.......................#
................∩.......##***
#.#.....)####........##.##*,#
..#.###### ##.......##..##.##
#...##### ##.....#.###.....#
........# ##........#########
........# #.[..........8....#
........####.......>......88.#


There were no monsters in sight!

Vanquished Creatures
  Cerebov (Pan)
  Asmodeus (Geh:7)
  Antaeus (Coc:7)
  the Royal Jelly (Slime:5)
  Gloorx Vloq (Pan)
  Lom Lobon (Pan)
  19 dread liches
  Mnoleg (Pan)
  Dispater (Dis:7)
  5 orbs of fire
  18 ancient liches
  Mennas (Vaults:5)
  36 pandemonium lords
  36 royal mummies
  Vv (Depths:4)
  Boris (4 times) (Depths:3 Vaults:4 Tomb:3 Zot:3)
  Bai Suzhen (Spider:4)
  16 shard shrikes
  18 Killer Klowns
  34 caustic shrikes
  A curse toe (Zot:2)
  33 golden dragons
  Xtahua (Crypt:2)
  Geryon (Hell)
  Nikola (Spider:2)
  6 profane servitors
  24 bone dragons
  A pearl dragon (Pan)
  Arachne (Spider:2)
  9 doom hounds
  8 iron giants
  The ghost of Sudilyre the Warrior, an adept MiBe of Trog (Vaults:4)
  22 hellephants
  14 Tzitzimimeh
  Rupert (Lair:5)
  An electric golem (Zot:5)
  Jorgrun (Spider:1)
  A spectral shard shrike (Tar:6)
  20 Ice Fiends
  15 tentacled monstrosities
  16 Hell Sentinels
  18 Brimstone Fiends
  Mlioglotl (Spider:2)
  A shard shrike skeleton (Crypt:3)
  24 Orb Guardians
  19 liches
  15 tainted leviathans
  2 walking divine tomes
  2 quicksilver dragons (shapeshifter)
  39 acid blobs
  A quicksilver dragon (Zig:9)
  2 walking frostbound tomes
  17 titans
  11 deep elf master archers
  43 ancient champions
  17 deep elf blademasters
  17 searing wretches
  18 sphinxes
  A kraken (Shoals:3)
  25 Executioners
  4 death cobs
  Gastronok (Lair:3)
  An eldritch tentacle (Zig:25)
  25 tentacled starspawn
  Agnes (Spider:1)
  13 azure jellies
  14 tengu reavers
  10 storm dragons
  2 fenstrider witches (shapeshifter) (Zig:25)
  8 shadow dragons
  Roxanne (Spider:1)
  20 revenants
  Ilsuiw (Shoals:3)
  21 rockslimes
  A storm dragon (shapeshifter) (Zig:25)
  10 fenstrider witches (Zig:27)
  22 nagarajas
  6 narguns
  A shadow dragon (shapeshifter) (Zig:17)
  5 daevas (Pan)
  23 fire giants
  27 protean progenitors
  Louise (Spider:3)
  4 demonspawn warmongers
  2 frost giants (shapeshifter)
  8 iron dragons
  21 draconian monks
  21 frost giants
  3 spectral juggernauts
  7 deep elf sorcerers
  14 ghost moths
  36 vault wardens
  13 draconian knights
  5 emperor scorpions
  13 quicksilver elementals
  A caustic shrike zombie (Crypt:1)
  19 draconian scorchers
  25 draconian shifters
  A deep elf elementalist (Zig:24)
  An angel (Pan)
  57 balrugs
  7 shard shrike simulacra
  18 curse skulls
  15 draconian annihilators
  9 demonspawn corrupters
  2 ghouls
  3 juggernaut skeletons
  2 spectral caustic shrikes
  A juggernaut zombie (Hell)
  A formless jellyfish (shapeshifter) (Zig:12)
  14 draconian stormcallers
  27 war gargoyles
  6 ironbound thunderhulks
  16 cacodemons
  8 demonspawn blood saints
  55 very ugly things
  3 broodmothers
  32 stone giants
  A stone giant (shapeshifter) (Zig:17)
  An eleionoma (Zig:6)
  An ophan (Zig:24)
  A caustic shrike skeleton (Crypt:2)
  22 quicksilver oozes
  25 reapers
  10 formless jellyfish
  25 ironbound preservers
  25 vampire knights
  32 orc warlords
  27 lorocyprocas
  14 green draconians
  8 apis (Pan)
  11 putrid mouths
  15 elemental wellsprings
  16 bennus
  13 deep elf demonologists
  5 demonspawn black suns
  13 deep elf annihilators
  17 red draconians
  15 wendigos
  16 black draconians
  30 dire elephants
  17 yellow draconians
  3 spark wasps
  11 purple draconians
  10 white draconians
  11 blizzard demons
  4 bunyips
  33 iron golems
  3 spectral quicksilver dragons
  The ghost of Ge0ff the Mimic, a journeyman MeSh of Vehumet (D:9)
  37 starcursed masses
  26 eidola
  22 ettins
  12 deep elf death magi
  6 merfolk impalers
  A crystal guardian (Zig:24)
  27 green deaths
  9 jiangshi
  3 spectral iron giants
  Josephine (Shoals:1)
  27 mummy priests
  6 entropy weavers
  2 spectral golden dragons
  A spriggan zombie (Crypt:2)
  3 shambling mangroves (Zig:27)
  9 fire dragons
  19 yaktaur captains
  21 deep elf high priests
  A quicksilver dragon zombie (Zig:25)
  A fenstrider witch zombie (Hell)
  41 salamander tyrants
  15 great orbs of eyes
  7 merfolk javelineers
  4 spectral spriggans
  2 ghost crabs
  6 juggernaut simulacra
  32 vault guards
  4 catoblepae
  14 hydras
  5 hell beasts
  3 jorogumos
  3 ogre magi
  3 spriggan air magi
  A quicksilver dragon skeleton (Crypt:1)
  10 caustic shrike simulacra
  5 spriggan skeletons
  10 ice dragons
  9 rakshasas
  7 merfolk avatars
  14 anacondas
  4 alligators
  3 merfolk aquamancers (Shoals:4)
  5 radroaches
  2 alligator snapping turtles
  5 boulder beetles
  16 centaur warriors
  11 ironbound frosthearts
  3 death knights
  9 stokers
  10 two-headed ogres
  14 death yaks
  21 death scarabs
  7 deep troll shamans
  2 satyrs
  44 dancing weapons
  37 orc high priests
  14 vampire magi
  18 demonic crawlers
  5 occultists
  9 tengu warriors
  29 thrashing horrors
  3 spriggan berserkers
  5 shock serpents
  7 deep troll earth magi
  27 hell hogs
  A spectral dire elephant (Tar:6)
  A spectral storm dragon (Crypt:3)
  9 naga warriors
  7 naga sharpshooters
  23 hell knights
  A titan zombie (Zig:25)
  2 shock serpents (shapeshifter)
  30 soul eaters
  3 titan skeletons
  14 iron trolls
  7 skysharks
  16 deep elf knights
  7 crystal echidnas
  36 sun demons
  15 sixfirhies
  5 pharaoh ants
  A skyshark (shapeshifter) (Zig:25)
  Amaemon (Lair:3)
  3 salamander mystics
  5 spatial maelstroms
  A sun moth (Spider:3)
  21 wretched stars
  An iron troll (shapeshifter) (Zig:17)
  24 shadow wraiths
  An iron giant zombie (Crypt:1)
  A sea snake (shapeshifter) (Zig:25)
  3 orb spiders (shapeshifter)
  9 sea snakes
  3 quicksilver dragon simulacra
  20 flayed ghosts
  3 glowing orange brains (shapeshifter)
  4 naga ritualists
  44 deep trolls
  A swamp dragon (Lair:5)
  5 spriggan druids
  3 goliath frogs
  9 orb spiders
  25 skeletal warriors
  A death drake (shapeshifter) (Zig:17)
  A deep troll (shapeshifter) (Zig:22)
  2 death drakes (Zig:25)
  2 swamp dragons (shapeshifter)
  16 glowing orange brains
  8 shadow demons
  A spectral anaconda (Crypt:3)
  A lindwurm (shapeshifter) (Zig:21)
  A bog body (Zig:6)
  32 harpies
  A bunyip skeleton (Pan)
  23 orc knights
  11 deep elf archers
  32 phantasmal warriors
  11 arcanists
  2 obsidian statues
  Pikel (D:4)
  2 steelbarb worms (shapeshifter)
  20 deep elf pyromancers
  11 necromancers
  4 lindwurms
  An anaconda skeleton (Crypt:1)
  7 mana vipers
  7 spriggan simulacra
  4 orange crystal statues
  23 deep elf zephyrmancers
  7 steelbarb worms
  21 ironbound convokers
  A spectral hydra (Tar:1)
  3 tengu zombies (Zig:25)
  64 ugly things
  17 wolf spiders
  31 orc sorcerers
  7 fauns
  2 fauns (shapeshifter)
  17 manticores
  A stone giant zombie (Tomb:3)
  A moth of wrath (shapeshifter) (Zig:25)
  A jorogumo skeleton (Crypt:2)
  5 cyclopes
  13 shining eyes
  A toenail golem (Zig:22)
  2 worldbinders (Zig:24)
  4 shining eyes (shapeshifter)
  3 will-o-the-wisps
  A stone giant skeleton (Tomb:3)
  2 rust devils
  62 large abominations
  2 spectral ettins
  2 salamanders (Zig:20)
  9 kobold blastminers
  24 moths of wrath
  A spectral centaur (Tar:2)
  30 black mambas
  2 guardian serpents (shapeshifter) (Zig:25)
  5 ice statues
  A water nymph (shapeshifter) (Zig:21)
  9 water nymphs
  10 elephants
  2 gargoyles
  8 merfolk sirens
  A dire elephant zombie (Tomb:1)
  7 eyes of devastation
  A fire giant skeleton (Vaults:4)
  8 torpor snails
  22 vault sentinels
  38 smoke demons
  3 eyes of devastation (shapeshifter)
  A naga zombie (Crypt:2)
  13 apocalypse crabs
  A cane toad (shapeshifter) (Vaults:5)
  11 naga magi
  6 titan simulacra
  12 orange demons
  54 hellions
  3 torpor snails (shapeshifter)
  A centaur skeleton (Hell)
  10 guardian serpents
  Maggie (D:8)
  17 cane toads
  A rime drake (shapeshifter) (D:13)
  13 molten gargoyles
  A storm dragon simulacrum (Coc:1)
  6 rime drakes
  3 unseen horrors
  Jeremiah (D:7)
  2 yaktaurs (shapeshifter)
  6 kobold demonologists (D:10)
  27 tormentors
  8 ice devils
  A sea snake zombie (Crypt:2)
  22 yaktaurs
  A purple draconian zombie (Crypt:1)
  A spectral demonspawn (Tar:2)
  4 spectral nagas
  An iron troll zombie (Crypt:2)
  3 merfolk (shapeshifter)
  24 freezing wraiths
  7 anaconda simulacra
  5 efreet
  13 ancient zymes
  3 bunyip simulacra (Coc:2)
  17 komodo dragons
  4 silent spectres
  8 spectral harpies
  47 guardian mummies
  2 iron giant simulacra (Coc:5)
  A spectral glowing shapeshifter (Zig:17)
  A harpy zombie (Crypt:1)
  A yellow draconian skeleton (Crypt:3)
  2 golden dragon simulacra (Coc:7)
  A red devil (Zig:22)
  12 trolls
  2 tengu conjurers (Depths:4)
  A catoblepas skeleton (Crypt:1)
  A bloated husk (Zig:9)
  23 merfolk
  11 meliai
  11 hellwings
  A mana viper skeleton (Crypt:1)
  6 wind drakes
  A wind drake (shapeshifter) (Zig:17)
  A polar bear (shapeshifter) (Zig:17)
  2 polar bears (Zig:14)
  17 raiju
  2 raiju (shapeshifter)
  24 tarantellas
  22 blink frogs
  2 harpy skeletons (Pan)
  7 hornets
  21 dream sheep
  11 glass eyes
  An ettin zombie (Crypt:2)
  6 snapping turtles
  2 slime creatures (shapeshifter)
  17 flying skulls
  A jumping spider (shapeshifter) (Zig:25)
  4 naga simulacra
  40 culicivoras
  4 spriggans
  103 slime creatures
  A spriggan (shapeshifter) (Zig:23)
  A vampire (D:10)
  27 jumping spiders
  5 air elementals
  6 centaur simulacra
  A yak (shapeshifter) (D:14)
  5 dire elephant simulacra
  2 shadows
  9 wraiths
  24 ynoxinuls
  28 water elementals
  20 ushabtiu
  4 ettin skeletons
  5 fire elementals
  5 humans
  3 vampire mosquitoes
  39 yaks
  11 basilisks
  4 wyverns
  18 neqoxecs
  A steam dragon (D:6)
  10 golden eyes
  72 redbacks
  31 chaos spawn
  A death yak simulacrum (IceCv)
  2 swamp worms (shapeshifter)
  A swamp worm (Lair:2)
  A glowing shapeshifter zombie (Zig:25)
  10 small abominations
  Menkaure (D:5)
  13 nagas
  Edmund (D:5)
  19 harpy simulacra
  A water moccasin (shapeshifter) (Zig:23)
  3 spatial vortices (Abyss:5)
  10 wargs
  2 hydra simulacra
  3 hell hounds
  An entropy weaver zombie (Crypt:3)
  5 swamp drakes
  63 orc warriors
  25 water moccasins
  A swamp drake (shapeshifter) (Zig:21)
  An ice beast (D:7)
  3 black bears
  4 ettin simulacra
  A hornet zombie (Crypt:1)
  23 wolves
  A torpor snail zombie (Crypt:2)
  6 centaurs
  A lemure (D:4)
  24 ogres
  2 phantoms (D:6)
  A komodo dragon zombie (Crypt:2)
  6 kobold brigands (D:10)
  A brain worm (Abyss:6)
  10 bullfrogs
  A two-headed ogre simulacrum (IceCv)
  A gnoll sergeant (D:9)
  7 earth elementals
  A salamander skeleton (Crypt:2)
  6 scorpions
  A raiju skeleton (Crypt:1)
  10 howler monkeys
  3 electric eels
  5 hounds
  Crazy Yiuf (D:3)
  A gnoll bouda (D:7)
  24 orc priests
  9 iguanas
  Jessica (D:2)
  A basilisk skeleton (Crypt:3)
  21 orc wizards
  4 hell rats
  4 human skeletons
  2 wolf simulacra (IceCv)
  A hound skeleton (Crypt:2)
  49 mummies
  11 gnolls
  3 adders
  A swamp drake skeleton (Crypt:3)
  2 shadow imps
  A steam dragon skeleton (Crypt:1)
  3 white imps
  3 ufetubi
  2 worms
  61 orcs
  7 endoplasms
  2 giant cockroaches
  19 goblins
  11 hobgoblins
  6 jackals
  15 kobolds
  A quokka (D:4)
  5 ball pythons
  3 bats
  2 frilled lizards (D:3)
  A frilled lizard skeleton (Crypt:2)
  2 hobgoblin zombies
  3 rats
  32 aspiring fleshes
  5 creeping infernos
  2 spectral weapons
  18 starspawn tentacles
  2 tentacles (Shoals:3)
5230 creatures vanquished.

Vanquished Creatures (collateral kills)
  A dread lich (Zig:17)
  4 royal mummies (Zig:25)
  4 golden dragons (Zig:27)
  2 bone dragons
  A hellephant (Abyss:5)
  2 tentacled monstrosities (Zig:27)
  An Ice Fiend (Zig:22)
  A Hell Sentinel (Zig:22)
  A lich (Zig:24)
  A deep elf blademaster (Zig:23)
  A titan (Zig:22)
  4 pandemonium lords
  A sphinx (Zig:26)
  An ancient champion (Zig:14)
  5 acid blobs (Zig:26)
  2 tengu reavers
  A shadow dragon (Zig:22)
  2 draconian knights
  5 nagarajas
  3 revenants
  A protean progenitor (Zig:21)
  A vault warden (Zig:26)
  2 frost giants
  A draconian monk (Zig:23)
  A fire giant (Zig:22)
  2 draconian scorchers
  A balrug (Zig:22)
  A ghoul (Zig:19)
  2 caustic shrike zombies (Zig:25)
  6 orc warlords
  A draconian annihilator (Zig:16)
  A draconian stormcaller (Zig:21)
  A demonspawn corrupter (Zig:24)
  3 ironbound preservers
  4 reapers
  A stone giant (Zig:20)
  A very ugly thing (Zig:22)
  4 deep elf demonologists
  2 green draconians (Zig:23)
  2 putrid mouths (Zig:17)
  A black draconian (Zig:23)
  A demonspawn black sun (Zig:22)
  A minotaur (shapeshifter) (Zig:10)
  2 dire elephants (Abyss:5)
  3 lorocyprocas (Zig:22)
  A dire elephant (shapeshifter) (Zig:25)
  A purple draconian (Zig:21)
  A blizzard demon (Zig:22)
  2 yellow draconians (Zig:21)
  A mummy priest (Zig:25)
  3 green deaths
  An ettin (Zig:26)
  2 yaktaur captains
  A deep elf high priest (Zig:23)
  A salamander tyrant (Zig:15)
  A radroach (Zig:25)
  A ghost crab (Zig:27)
  A great orb of eyes (Zig:26)
  A spriggan skeleton (Tomb:3)
  2 death scarabs
  2 hell hogs (Zig:24)
  A vampire mage (Zig:18)
  2 thrashing horrors
  3 orc high priests
  A deep elf knight (Zig:23)
  2 soul eaters (Hell)
  A storm dragon zombie (Zig:25)
  2 wretched stars (Zig:24)
  4 iron trolls
  A sixfirhy (Zig:24)
  A spatial maelstrom (Abyss:5)
  A death drake (Zig:25)
  A shadow demon (Zig:24)
  A shadow wraith (Zig:22)
  A goliath frog (Zig:25)
  A glowing orange brain (Zig:5)
  An orange crystal statue (Zig:24)
  A spriggan druid (Zig:27)
  An ironbound convoker (Zig:22)
  A large abomination (Zig:24)
  3 deep elf zephyrmancers
  4 orc knights
  A faun (shapeshifter) (Zig:26)
  A faun (Zig:25)
  A will-o-the-wisp (Zig:24)
  2 orc sorcerers
  An elephant (Abyss:5)
  A moth of wrath (Zig:27)
  A vault sentinel (Zig:22)
  A dire elephant zombie (Hell)
  2 kobold blastminers
  An eye of devastation (Zig:26)
  A rust devil (Zig:22)
  A black mamba (Zig:20)
  An ice statue (Zig:24)
  A torpor snail (Zig:7)
  An apocalypse crab (Zig:21)
  A smoke demon (Hell)
  An unseen horror (shapeshifter) (Zig:25)
  A hellion (Zig:25)
  A freezing wraith (Hell)
  A yaktaur (shapeshifter) (Zig:25)
  An ancient zyme (Zig:24)
  A guardian mummy (Zig:25)
  2 trolls
  A polar bear (shapeshifter) (Zig:26)
  A glass eye (Zig:26)
  A flying skull (Zig:25)
  An iron dragon simulacrum (Hell)
  A slime creature (Zig:26)
  A ynoxinul (Zig:22)
  An ushabti (Zig:25)
  23 starcursed masses
  A neqoxec (Zig:24)
  A chaos spawn (Zig:12)
  A spatial vortex (Zig:24)
  A warg (Zig:20)
  3 hell hounds (Hell)
  10 orc warriors
  2 ogres (Zig:18)
  3 orc priests
  An orc wizard (Zig:18)
  3 hell rats (Hell)
  5 mummies
  An orc (Bailey)
  A hobgoblin (Bailey)
  A goblin (Bailey)
  4 aspiring fleshes
  103 fire vortices
  5 starspawn tentacles (Zig:24)
347 creatures vanquished.

Vanquished Creatures (others)
  3 pandemonium lords
  2 Killer Klowns (Zig:12)
  6 golden dragons (Zig:27)
  A profane servitor (Zig:24)
  2 doom hounds (Zig:17)
  5 tentacled monstrosities
  A tainted leviathan (Zig:17)
  2 deep elf blademasters
  2 sphinxes
  An acid blob (Zig:24)
  A titan (Zig:22)
  An ancient champion (Hell)
  A tentacled starspawn (Zig:24)
  2 fenstrider witches
  A rockslime (Zig:26)
  A nagaraja (Zig:20)
  A frost giant (shapeshifter) (Zig:21)
  A vault warden (Zig:26)
  A balrug (Zig:24)
  A draconian annihilator (Zig:16)
  An orc warlord (Zig:18)
  A draconian stormcaller (Zig:21)
  A stone giant (Zig:27)
  A putrid mouth (Zig:17)
  A bunyip (Zig:9)
  A dire elephant (Abyss:5)
  An eidolon (Zig:18)
  3 green deaths (Zig:27)
  An ettin (Zig:25)
  2 salamander tyrants (Zig:20)
  A demonic crawler (Hell)
  A shock serpent (Zig:15)
  A vampire mage (Zig:18)
  2 thrashing horrors (Abyss:6)
  2 wretched stars (Zig:24)
  2 iron trolls
  A sixfirhy (Pan)
  A salamander mystic (Zig:15)
  A swamp dragon (Zig:9)
  A spriggan simulacrum (Coc:2)
  A steelbarb worm (Zig:25)
  A phantasmal warrior (Zig:24)
  An orc knight (Zig:20)
  A steelbarb worm (shapeshifter) (Zig:10)
  A tengu skeleton (Zig:25)
  A shining eye (shapeshifter) (Zig:22)
  A wolf spider (Spider:2)
  A moth of wrath (Zig:27)
  A guardian serpent (Zig:20)
  A water nymph (shapeshifter) (Zig:21)
  2 apocalypse crabs
  A torpor snail (shapeshifter) (Zig:25)
  2 smoke demons
  An ancient zyme (Zig:24)
  A troll (Zig:20)
  An iron giant simulacrum (Coc:7)
  2 flying skulls (Tomb:2)
  3 water elementals (Depths:1)
  A ynoxinul (Pan)
  2 chaos spawn (Pan)
  A swamp worm (shapeshifter) (Zig:25)
  2 harpy simulacra
  A water moccasin (Zig:7)
  6 ball lightnings
  521 fire vortices
  41 starspawn tentacles
  2 tentacles (Shoals:3)
662 creatures vanquished.

Grand Total: 6239 creatures vanquished

Notes
Turn   | Place    | Note
-------+----------+-------------------------------------------
     0 | D:1      | Ge0ff the Meteoran Shapeshifter began the quest for the
                  | Orb.
     0 | D:1      | Reached XP level 1. HP: 16/16 MP: 2/2
   188 | D:1      | Reached XP level 2. HP: 23/23 MP: 3/3
   190 | D:1      | Found a faded altar of an unknown god.
   334 | D:2      | Reached XP level 3. HP: 27/28 MP: 4/4
   357 | D:2      | Noticed Jessica
   362 | D:2      | Killed Jessica
   363 | D:2      | Reached skill level 1 in Shields
   363 | D:2      | Reached XP level 4. HP: 35/36 MP: 5/5
   811 | D:3      | Reached XP level 5. HP: 25/41 MP: 6/6
   819 | D:3      | Reached skill level 5 in Unarmed Combat
   954 | D:4      | Learned a level 1 spell: Apportation
  1331 | D:3      | Found a runed translucent door.
  1332 | D:3      | Noticed Crazy Yiuf
  1343 | D:3      | Killed Crazy Yiuf
  1344 | D:3      | Reached skill level 1 in Spellcasting
  1344 | D:3      | Reached skill level 1 in Translocations
  1344 | D:3      | Reached XP level 6. HP: 28/50 MP: 6/8
  1410 | D:3      | Reached skill level 1 in Armour
  1719 | D:4      | Reached XP level 7. HP: 38/56 MP: 11/11
  1773 | D:5      | Entered Level 5 of the Dungeon
  1846 | D:4      | Found a staircase to the Ecumenical Temple.
  1853 | D:4      | Reached skill level 1 in Evocations
  1857 | Temple   | Entered the Ecumenical Temple
  1926 | Temple   | Became a worshipper of Vehumet
  2240 | D:5      | Noticed Edmund
  2241 | D:5      | Found a white marble altar of Elyvilon.
  2320 | D:5      | Killed Edmund
  2414 | D:5      | Noticed Pikel
  2458 | D:4      | Killed Pikel
  2459 | D:4      | Reached XP level 8. HP: 6/63 MP: 13/13
  2738 | D:5      | Noticed Menkaure
  2743 | D:5      | Killed Menkaure
  2744 | D:5      | Gained mutation: You passively map the area around you.
                  | [Meteoran growth]
  2744 | D:5      | Reached XP level 9. HP: 67/70 MP: 14/14
  2836 | D:6      | Reached skill level 1 in Ice Magic
  2845 | D:6      | Found Riesaes's Distillery.
  2855 | D:6      | Reached * piety under Vehumet
  2855 | D:6      | Offered knowledge of Magic Dart by Vehumet.
  2895 | D:6      | Gained mutation: You occasionally lose the ability to read
                  | scrolls when taking damage. [potion of mutation]
  2895 | D:6      | Gained mutation: You have very sharp teeth. [potion of
                  | mutation]
  2918 | D:6      | Bought a potion of heal wounds for 60 gold pieces
  2918 | D:6      | Bought a potion of degeneration for 12 gold pieces
  2919 | D:6      | Bought a potion of lignification for 36 gold pieces
  2919 | D:6      | Bought a potion of lignification for 36 gold pieces
  2960 | D:6      | Identified a scroll of acquirement
  3059 | D:6      | Learned a level 2 spell: Scorch
  3097 | D:6      | Learned a level 3 spell: Vampiric Draining
  3175 | D:6      | Acquired 810 gold pieces
  3187 | D:6      | Bought a potion of ambrosia for 96 gold pieces
  3187 | D:6      | Bought a potion of haste for 120 gold pieces
  3187 | D:6      | Bought a potion of ambrosia for 96 gold pieces
  3187 | D:6      | Bought a potion of magic for 96 gold pieces
  3187 | D:6      | Bought a potion of resistance for 120 gold pieces
  3276 | D:7      | Reached skill level 1 in Necromancy
  3276 | D:7      | Reached skill level 1 in Fire Magic
  3350 | D:7      | Reached ** piety under Vehumet
  3350 | D:7      | Offered knowledge of Static Discharge by Vehumet.
  3386 | D:8      | Reached XP level 10. HP: 68/78 MP: 16/16
  3414 | D:8      | Noticed a komodo dragon
  3424 | D:8      | Killed a komodo dragon
  3449 | D:8      | Found a flagged portal.
  3452 | D:8      | Noticed a two-headed ogre
  3459 | D:8      | Killed a two-headed ogre
  3460 | D:8      | Reached skill level 5 in Fire Magic
  3460 | D:8      | Reached skill level 10 in Shapeshifting
  3482 | Bailey   | Entered a bailey
  3693 | Bailey   | Noticed an orc knight
  3722 | Bailey   | Killed an orc knight
  3723 | Bailey   | Reached skill level 5 in Spellcasting
  3730 | Bailey   | Noticed an orc knight
  3747 | Bailey   | Killed an orc knight
  3748 | Bailey   | Reached XP level 11. HP: 47/85 MP: 19/19
  3775 | Bailey   | Reached skill level 5 in Fighting
  3775 | Bailey   | Reached skill level 5 in Evocations
  3778 | Bailey   | Reached skill level 5 in Necromancy
  3807 | Bailey   | Noticed an orc warlord
  3807 | Bailey   | Noticed an orc knight
  3807 | Bailey   | Noticed an orc knight
  3825 | Bailey   | Killed an orc warlord
  3825 | Bailey   | Killed an orc knight
  3829 | Bailey   | Killed an orc knight
  3893 | Bailey   | Learned a level 4 spell: Olgreb's Toxic Radiance
  3893 | Bailey   | Reached XP level 12. HP: 83/100 MP: 5/26
  4132 | D:7      | Found a stormy altar of Qazlal.
  4132 | D:7      | Found a shimmering blue altar of Sif Muna.
  4137 | D:7      | Offered knowledge of Searing Ray by Vehumet.
  4231 | D:7      | Noticed Jeremiah
  4234 | D:7      | Killed Jeremiah
  4342 | D:8      | Noticed Maggie
  4348 | D:8      | Reached *** piety under Vehumet
  4358 | D:8      | Killed Maggie
  4508 | D:8      | Found an opulent altar of Gozag.
  4510 | D:8      | Noticed a two-headed ogre
  4523 | D:8      | Killed a two-headed ogre
  4530 | D:8      | Acquired the ring "Fainypp" {^Drain rElec rPois Str+7
                  | Stlth+}
  4553 | D:8      | Learned a level 4 spell: Flame Wave
  4608 | D:8      | Found a staircase to the Lair.
  4686 | D:10     | Entered Level 10 of the Dungeon
  4698 | D:9      | Reached skill level 10 in Poison Magic
  4737 | D:9      | Noticed a two-headed ogre
  4748 | D:9      | Killed a two-headed ogre
  4749 | D:9      | Reached skill level 1 in Conjurations
  4757 | D:9      | Reached XP level 13. HP: 81/105 MP: 20/27
  4775 | D:9      | Offered knowledge of Ignite Poison by Vehumet.
  4780 | D:9      | Learned a level 3 spell: Ignite Poison
  4784 | D:9      | Found a runed translucent gate.
  4785 | D:9      | Found a runed translucent gate.
  4786 | D:9      | Found a runed translucent gate.
  4787 | D:9      | Noticed Ge0ff's ghost (journeyman MeSh)
  4788 | D:9      | Noticed a nine-headed hydra
  4800 | D:9      | Noticed a two-headed ogre
  4806 | D:9      | Killed a two-headed ogre
  4807 | D:9      | Reached skill level 1 in Transmutations
  4936 | D:9      | Found a shadowy altar of Dithmenos.
  4946 | D:9      | Noticed a two-headed ogre
  4959 | D:9      | Killed a two-headed ogre
  5122 | D:9      | Found a sacrificial altar of Ru.
  5136 | D:9      | Found Fehefa's Antique Weapon Emporium.
  5340 | D:11     | Found a frozen archway.
  5350 | IceCv    | Entered an ice cave
  5356 | IceCv    | Reached **** piety under Vehumet
  5677 | IceCv    | Offered knowledge of Volatile Blastmotes by Vehumet.
  5778 | IceCv    | Reached skill level 5 in Transmutations
  5848 | IceCv    | Glimpsed the power of Zot.
  5862 | IceCv    | Reached skill level 10 in Spellcasting
  5898 | IceCv    | Glimpsed the power of Zot.
  5916 | IceCv    | Noticed a reaper
  5938 | IceCv    | Glimpsed the power of Zot.
  6102 | D:11     | Learned a level 5 spell: Irradiate
  6223 | D:10     | Reached skill level 5 in Conjurations
  6762 | D:12     | Found a staircase to the Orcish Mines.
  6786 | D:12     | Noticed a two-headed ogre
  6794 | D:12     | Killed a two-headed ogre
  6829 | D:12     | Noticed a catoblepas
  6835 | D:12     | Killed a catoblepas
  6885 | D:12     | You fall into a shaft and drop 3 floors!
  6885 | D:15     | Entered Level 15 of the Dungeon
  6892 | D:15     | Identified the +7 quarterstaff "Beastslayer" {holy, Dex+6}
                  | (You found it on level 15 of the Dungeon)
  6970 | D:15     | Found a portal to a secret trove of treasure.
  6993 | D:14     | Found a stormy altar of Qazlal.
  7075 | D:13     | Reached XP level 14. HP: 112/115 MP: 29/29
  7199 | D:13     | Found a runed translucent door.
  7215 | D:13     | Found a runed translucent door.
  7233 | D:13     | Found a runed translucent door.
  7244 | D:13     | Found a runed translucent door.
  7261 | D:13     | Reached skill level 10 in Fire Magic
  7418 | Orc:1    | Entered Level 1 of the Orcish Mines
  7476 | Orc:1    | Reached ***** piety under Vehumet
  7484 | Orc:1    | Offered knowledge of Sticky Flame by Vehumet.
  7532 | Orc:2    | Entered Level 2 of the Orcish Mines
  7532 | Orc:2    | Found Jepsowif's General Store.
  7555 | Orc:2    | Bought a phantom mirror for 680 gold pieces
  7555 | Orc:2    | Bought a potion of curing for 51 gold pieces
  7555 | Orc:2    | Bought a scroll of poison for 68 gold pieces
  7567 | Orc:2    | Found Jaceeto's Distillery.
  7587 | Orc:2    | Bought a potion of curing for 36 gold pieces
  7587 | Orc:2    | Bought a potion of resistance for 120 gold pieces
  7587 | Orc:2    | Bought a potion of haste for 120 gold pieces
  7587 | Orc:2    | Bought a potion of curing for 36 gold pieces
  7587 | Orc:2    | Found Dank's Book Emporium.
  7643 | Orc:2    | Found Eroic's Antique Armour Shop.
  7892 | Orc:2    | Found Omocile's General Store.
  7899 | Orc:2    | Found Mulaanorch's Specific Store.
  7906 | Orc:2    | Bought a scroll of immolation for 40 gold pieces
  7906 | Orc:2    | Bought a scroll of immolation for 40 gold pieces
  7906 | Orc:2    | Bought a scroll of teleportation for 30 gold pieces
  7924 | Orc:2    | Offered knowledge of Yara's Violent Unravelling by Vehumet.
  7940 | Orc:2    | Noticed an orc warlord
  7952 | Orc:2    | Killed an orc warlord
  7956 | Orc:2    | Found a staircase to the Elven Halls.
  7995 | Orc:2    | Found Pyh Cito's Antique Weapon Shop.
  8024 | Orc:2    | Bought a book of Spectacle for 576 gold pieces
  8059 | D:12     | Learned a level 6 spell: Starburst
  8068 | D:12     | Learned a level 8 spell: Ignition
  8168 | Lair:1   | Entered Level 1 of the Lair of Beasts
  8239 | Lair:2   | Reached XP level 15. HP: 121/121 MP: 32/32
  8438 | Lair:2   | You fall into a shaft and drop 1 floor!
  8501 | Lair:3   | Found a staircase to the Shoals.
  8541 | Lair:3   | Offered knowledge of Fireball by Vehumet.
  8631 | Lair:3   | Noticed Amaemon
  8637 | Lair:3   | Killed Amaemon
  8713 | Lair:3   | Noticed Gastronok
  8724 | Lair:3   | Killed Gastronok
  8775 | Lair:4   | Learned a level 5 spell: Fireball
  8783 | Lair:4   | Found a staircase to the Slime Pits.
  8822 | Lair:5   | Entered Level 5 of the Lair of Beasts
  8854 | Lair:5   | Noticed Rupert
  8860 | Lair:5   | Killed Rupert
  8942 | Lair:5   | Reached XP level 16. HP: 130/130 MP: 22/35
  9090 | Lair:5   | Reached skill level 5 in Shields
  9159 | Lair:5   | Identified the +2 long sword of the Thing {heavy, rElec
                  | rPois Str+3 Dex-2}
  9387 | Lair:4   | Offered knowledge of Plasma Beam by Vehumet.
  9388 | Lair:4   | Reached skill level 15 in Spellcasting
  9422 | Lair:4   | Reached skill level 15 in Fire Magic
  9599 | Shoals:1 | Entered Level 1 of the Shoals
  9634 | Shoals:1 | Noticed Josephine
  9639 | Shoals:1 | Reached skill level 1 in Throwing
  9639 | Shoals:1 | Killed Josephine
  9687 | Shoals:1 | Reached skill level 10 in Fighting
  9781 | Shoals:2 | Acquired the +3 troll leather armour of Circular Logic
                  | {Regen+ Dex+4}
  9905 | Shoals:3 | Noticed a kraken
  9916 | Shoals:3 | Killed a kraken
  9990 | Shoals:2 | Reached XP level 17. HP: 140/140 MP: 23/37
 10039 | Shoals:3 | Reached ****** piety under Vehumet
 10084 | Shoals:3 | Identified the +0 dagger "Jizistron" {venom, ^Fragile rPois
                  | rN+}
 10088 | Shoals:3 | Offered knowledge of Ozocubu's Refrigeration by Vehumet.
 10089 | Shoals:3 | Reached skill level 5 in Armour
 10112 | Shoals:3 | Identified the +8 dagger of Arbitration {venom, Str+6
                  | Dex-3}
 10188 | Shoals:3 | Noticed Ilsuiw
 10195 | Shoals:3 | Killed Ilsuiw
 10268 | Shoals:2 | Found a runed translucent gate.
 10268 | Shoals:2 | Found a runed translucent gate.
 10268 | Shoals:2 | Found a runed translucent gate.
 10268 | Shoals:2 | Noticed Totu's ghost (adept MiBe)
 10269 | Shoals:2 | Noticed Acaowk's ghost (adept VSBr)
 10316 | Shoals:4 | Entered Level 4 of the Shoals
 10352 | Shoals:4 | Got a barnacled rune of Zot
 10435 | Shoals:4 | Reached skill level 10 in Conjurations
 10568 | Shoals:4 | Identified the +3 triple crossbow of Screaming Evisceration
                  | {freeze, rC+}
 10611 | Shoals:4 | Offered knowledge of Arcjolt by Vehumet.
 10676 | Shoals:4 | Gained mutation: You passively map a large area around you.
                  | [Meteoran growth]
 10676 | Shoals:4 | Reached XP level 18. HP: 131/151 MP: 22/39
 11203 | Shoals:1 | Found Baokk's Weapon Shop.
 11506 | Lair:2   | Found a hole to the Spider Nest.
 11545 | Spider:1 | Entered Level 1 of the Spider Nest
 11547 | Spider:1 | Noticed Jorgrun
 11549 | Spider:1 | Killed Jorgrun
 11552 | Spider:1 | Noticed Agnes
 11556 | Spider:1 | Killed Agnes
 11579 | Spider:1 | Reached skill level 5 in Dodging
 11617 | Spider:1 | Noticed Roxanne
 11628 | Spider:1 | Learned a level 5 spell: Lee's Rapid Deconstruction
 11652 | Spider:1 | Reached skill level 1 in Earth Magic
 11706 | Spider:1 | Offered knowledge of Conjure Ball Lightning by Vehumet.
 11707 | Spider:1 | Reached skill level 5 in Earth Magic
 11712 | Spider:1 | Reached skill level 5 in Throwing
 11748 | Spider:1 | Acquired a staff of fire
 11789 | Spider:1 | Killed Roxanne
 11881 | Spider:2 | Reached XP level 19. HP: 158/160 MP: 38/41
 11889 | Spider:2 | Noticed Nikola
 11903 | Spider:2 | Noticed Arachne
 11906 | Spider:2 | Killed Nikola
 11915 | Spider:2 | Killed Arachne
 12136 | Spider:4 | Entered Level 4 of the Spider Nest
 12142 | Spider:4 | Noticed Bai Suzhen
 12152 | Spider:4 | Killed Bai Suzhen
 12343 | Spider:4 | Reached skill level 15 in Shapeshifting
 12517 | Spider:4 | Got a gossamer rune of Zot
 12532 | Spider:4 | Reached XP level 20. HP: 149/168 MP: 20/42
 12679 | Spider:3 | Noticed Louise
 12876 | Spider:3 | Killed Louise
 12876 | Spider:3 | Offered knowledge of Lehudib's Crystal Spear by Vehumet.
 12876 | Spider:3 | Offered knowledge of Fire Storm by Vehumet.
 12876 | Spider:3 | Offered knowledge of Chain Lightning by Vehumet.
 12936 | Spider:2 | Noticed Mlioglotl
 12943 | Spider:2 | Killed Mlioglotl
 13427 | Slime:1  | Entered Level 1 of the Pits of Slime
 13558 | Slime:5  | Entered Level 5 of the Pits of Slime
 13656 | Slime:5  | Noticed the Royal Jelly
 13805 | Slime:5  | Found a viscous altar of Jiyva.
 14004 | Slime:4  | Reached XP level 21. HP: 170/174 MP: 31/44
 14108 | Slime:5  | Killed the Royal Jelly
 14136 | Slime:5  | Identified the staff of the Postmodern Eyes {rPois rN+
                  | rCorr Poison}
 14138 | Slime:5  | Identified the ring of Ycarhikeino {rElec rCorr Str+3}
 14140 | Slime:5  | Identified the ring "Haosyut" {rN+ AC+4}
 14141 | Slime:5  | Identified the +4 shortbow of Xufug {drain, rN+++ Str+5
                  | Int-4 Dex-3}
 14156 | Slime:5  | Got a slimy rune of Zot
 14187 | Slime:5  | Identified the staff "Woskavov" {rPois rC- Str+3 Int+4
                  | Dex+3 Poison}
 14222 | Slime:5  | Found the amulet of Vitality {RegenMP++ Regen++}
 14243 | Slime:5  | Identified the ring "Xium" {rPois AC+4 Dex+4}
 14429 | Slime:2  | Paralysed by a formless jellyfish for 1 turns
 14465 | Slime:3  | Paralysed by a formless jellyfish for 1 turns
 14558 | Lair:4   | Learned a level 9 spell: Fire Storm
 15299 | D:9      | Killed Ge0ff's ghost
 15505 | D:14     | Found Imioxiunugg's Assorted Antiques.
 15512 | D:14     | Bought a scroll of blinking for 240 gold pieces
 15538 | D:14     | Found a gate to the Vaults.
 16072 | D:15     | You paid a toll of 3 scrolls of blinking to enter a
                  | treasure trove
 16073 | Trove    | Entered a treasure trove
 16086 | Trove    | Identified the ring of Yendor {rF+ Int+6 Stlth+}
 16088 | Trove    | Identified the ring "Ycviuwn" {Str+2 SInv}
 16092 | Trove    | Identified the ring "Penill" {+Blink rF+}
 16095 | Trove    | Identified the ring of Erreisam {^Contam rPois Will+ Str+9
                  | Dex+3}
 16098 | Trove    | Identified the amulet of Past Mistakes {Faith rF+ Regen+}
 16202 | D:15     | Found the +8 mithril axe "Arga" {speed, Will+}
 16217 | D:15     | Learned a level 2 spell: Blink
 16455 | D:15     | Found a staircase to the Depths.
 16529 | Vaults:1 | Entered Level 1 of the Vaults
 16533 | Vaults:1 | Reached XP level 22. HP: 181/181 MP: 46/46
 16740 | Vaults:1 | Reached skill level 15 in Conjurations
 16841 | Vaults:2 | Found a flickering gateway to a bazaar.
 16850 | Bazaar   | Entered a bazaar
 16850 | Bazaar   | Found Cotryini's Assorted Antiques.
 16850 | Bazaar   | Found Hikeateysk's Jewellery Emporium.
 16853 | Bazaar   | Found Sehumesu's Distillery.
 16864 | Bazaar   | Found Vocol's Distillery.
 16879 | Bazaar   | Found Xaukk's Antique Armour Shoppe.
 16918 | Bazaar   | Bought the macabre finger necklace {Finger+ rN+} for 680
                  | gold pieces
 16918 | Bazaar   | Found the macabre finger necklace {Finger+ rN+}
 16931 | Bazaar   | Bought a scroll of blinking for 135 gold pieces
 16931 | Bazaar   | Bought a potion of curing for 54 gold pieces
 16931 | Bazaar   | Bought a potion of curing for 54 gold pieces
 16937 | Bazaar   | Bought a potion of brilliance for 48 gold pieces
 16937 | Bazaar   | Bought a potion of heal wounds for 60 gold pieces
 16937 | Bazaar   | Bought a potion of cancellation for 96 gold pieces
 16937 | Bazaar   | Bought a potion of lignification for 36 gold pieces
 16942 | Bazaar   | Bought a potion of brilliance for 36 gold pieces
 16942 | Bazaar   | Bought a potion of enlightenment for 45 gold pieces
 16942 | Bazaar   | Bought a potion of enlightenment for 45 gold pieces
 16942 | Bazaar   | Bought a potion of curing for 27 gold pieces
 16942 | Bazaar   | Bought a potion of lignification for 27 gold pieces
 16942 | Bazaar   | Bought a potion of curing for 27 gold pieces
 16942 | Bazaar   | Bought a potion of curing for 27 gold pieces
 16942 | Bazaar   | Bought a potion of curing for 27 gold pieces
 16942 | Bazaar   | Bought a potion of lignification for 27 gold pieces
 16957 | Bazaar   | Bought a scroll of revelation for 135 gold pieces
 17104 | Vaults:2 | Found a staircase to the Crypt.
 17137 | Crypt:1  | Entered Level 1 of the Crypt
 17354 | Crypt:3  | Entered Level 3 of the Crypt
 17417 | Crypt:2  | Noticed Xtahua
 17421 | Crypt:2  | Killed Xtahua
 17724 | Crypt:1  | Reached XP level 23. HP: 157/188 MP: 38/47
 17757 | Crypt:1  | Found the +5 demon whip "Spellbinder" {antimagic, disrupt,
                  | Will+}
 18182 | Depths:1 | Entered Level 1 of the Depths
 18182 | Depths:1 | Found a one-way gateway to a ziggurat.
 18528 | Depths:1 | Identified the +1 helmet "Eblit" {-Cast rC+ rN++ Slay+3}
 18568 | Depths:2 | Gained mutation: You are dopey. (Int -2) [mutagenic glow]
 18569 | Depths:2 | Lost mutation: You have very sharp teeth. [potion of
                  | mutation]
 18569 | Depths:2 | Lost mutation: You are dopey. (Int -2) [potion of mutation]
 18569 | Depths:2 | Gained mutation: You sometimes lose the ability to read
                  | scrolls when taking damage. [potion of mutation]
 18569 | Depths:2 | Gained mutation: Potions are less effective at restoring
                  | your health. [potion of mutation]
 18569 | Depths:2 | Gained mutation: You passively dampen the noise of your
                  | surroundings. [potion of mutation]
 18569 | Depths:2 | Gained mutation: Your muscles are strong. (Str +4, Int/Dex
                  | -1) [potion of mutation]
 18570 | Depths:2 | Lost mutation: Your muscles are strong. (Str +4, Int/Dex
                  | -1) [potion of mutation]
 18570 | Depths:2 | Lost mutation: You passively dampen the noise of your
                  | surroundings. [potion of mutation]
 18570 | Depths:2 | Gained mutation: Your natural rate of healing is unusually
                  | fast. [potion of mutation]
 18570 | Depths:2 | Gained mutation: Potions cannot restore your health.
                  | [potion of mutation]
 18570 | Depths:2 | Lost mutation: You sometimes lose the ability to read
                  | scrolls when taking damage. [potion of mutation]
 18571 | Depths:2 | Lost mutation: Potions cannot restore your health. [potion
                  | of mutation]
 18571 | Depths:2 | Lost mutation: Your natural rate of healing is unusually
                  | fast. [potion of mutation]
 18571 | Depths:2 | Lost mutation: Potions are less effective at restoring your
                  | health. [potion of mutation]
 18571 | Depths:2 | Gained mutation: You occasionally shout uncontrollably at
                  | your foes. [potion of mutation]
 18571 | Depths:2 | Gained mutation: You are partially covered in iridescent
                  | scales. (AC +2) [potion of mutation]
 18571 | Depths:2 | Gained mutation: Your mind is acute. (Int +4, Str/Dex -1)
                  | [potion of mutation]
 18572 | Depths:2 | Lost mutation: You occasionally shout uncontrollably at
                  | your foes. [potion of mutation]
 18572 | Depths:2 | Lost mutation: You are partially covered in iridescent
                  | scales. (AC +2) [potion of mutation]
 18572 | Depths:2 | Lost mutation: Your mind is acute. (Int +4, Str/Dex -1)
                  | [potion of mutation]
 18572 | Depths:2 | Gained mutation: Your system is resistant to poisons.
                  | (rPois) [potion of mutation]
 18572 | Depths:2 | Gained mutation: You occasionally shout uncontrollably at
                  | your foes. [potion of mutation]
 18572 | Depths:2 | Gained mutation: You have a beak for a mouth. [potion of
                  | mutation]
 18572 | Depths:2 | Gained mutation: You have large cloven feet. [potion of
                  | mutation]
 18573 | Depths:2 | Lost mutation: You occasionally lose the ability to read
                  | scrolls when taking damage. [potion of mutation]
 18573 | Depths:2 | Lost mutation: You occasionally shout uncontrollably at
                  | your foes. [potion of mutation]
 18573 | Depths:2 | Gained mutation: Your mind is acute. (Int +4, Str/Dex -1)
                  | [potion of mutation]
 18573 | Depths:2 | Gained mutation: Armour fits poorly on your strangely
                  | shaped body. [potion of mutation]
 18573 | Depths:2 | Gained mutation: Your flesh is heat resistant. (rF+)
                  | [potion of mutation]
 18573 | Depths:2 | Gained mutation: You possess an exceptional clarity of
                  | mind. [potion of mutation]
 18673 | Depths:1 | Learned a level 9 spell: Chain Lightning
 18686 | Zig:1    | Entered Level 1 of a ziggurat
 18702 | Zig:2    | Entered Level 2 of a ziggurat
 18725 | Zig:3    | Entered Level 3 of a ziggurat
 18766 | Zig:4    | Entered Level 4 of a ziggurat
 18769 | Zig:4    | Noticed Jaz Zopi the pandemonium lord
 18771 | Zig:4    | Killed Jaz Zopi the pandemonium lord
 18772 | Zig:4    | Reached skill level 1 in Air Magic
 18783 | Zig:4    | Got Leuxij's Annotations on Stony Hypothermia
 18786 | Zig:4    | Identified the +0 swamp dragon scales of Errudog {^Contam
                  | rPois Int+2 Dex+5}
 18796 | Zig:5    | Entered Level 5 of a ziggurat
 18802 | Zig:5    | Reached skill level 1 in Stealth
 18813 | Zig:5    | Identified the +11 trident "Qulacvee" {freeze, *Noise rF+
                  | Will+}
 18819 | Zig:6    | Entered Level 6 of a ziggurat
 18862 | Zig:7    | Entered Level 7 of a ziggurat
 18882 | Zig:7    | Identified the +4 gold dragon scales of the Black Skies
                  | {rPois rF+ rC+ Str-2 Dex+5 Slay+3}
 18886 | Zig:7    | Identified the ring "Liskyduh" {rElec rCorr Int+6}
 18906 | Zig:7    | Learned a level 9 spell: Shatter
 18909 | Zig:8    | Entered Level 8 of a ziggurat
 18930 | Zig:8    | Identified the +2 dagger of a Million Prophets {antimagic,
                  | rF+ rC+}
 18945 | Zig:9    | Entered Level 9 of a ziggurat
 18954 | Zig:9    | Reached XP level 24. HP: 198/198 MP: 48/48
 18981 | Zig:10   | Entered Level 10 of a ziggurat
 18987 | Zig:10   | Found the +7 great mace "Firestarter" {flame, immolate,
                  | rFlCloud rF++}
 18988 | Zig:10   | Noticed a dread lich
 18991 | Zig:10   | Noticed a dread lich
 18992 | Zig:10   | Killed a dread lich
 18992 | Zig:10   | Killed a dread lich
 19000 | Zig:10   | Identified the +6 plate armour of Ytitsuvo {Dex+2}
 19005 | Zig:10   | Identified the +0 pair of boots of Maceixzo {rElec}
 19019 | Zig:11   | Entered Level 11 of a ziggurat
 19033 | Zig:11   | Reached skill level 5 in Air Magic
 19067 | Zig:11   | Got the Exposition on Unholy Spelunking
 19073 | Zig:11   | Learned a level 2 spell: Passwall
 19082 | Zig:11   | Learned a level 6 spell: Bombard
 19084 | Zig:12   | Entered Level 12 of a ziggurat
 19092 | Zig:12   | Noticed Laafith the pandemonium lord
 19093 | Zig:12   | Noticed Vyniyplo the pandemonium lord
 19093 | Zig:12   | Noticed a Killer Klown
 19094 | Zig:12   | Noticed a Killer Klown
 19094 | Zig:12   | Noticed Naguh the pandemonium lord
 19095 | Zig:12   | Killed a Killer Klown
 19095 | Zig:12   | Killed a Killer Klown
 19098 | Zig:12   | Killed Naguh the pandemonium lord
 19099 | Zig:12   | Killed Laafith the pandemonium lord
 19112 | Zig:12   | Killed Vyniyplo the pandemonium lord
 19146 | Zig:12   | Identified the amulet of Tempters {Faith Dex+2}
 19208 | Zig:13   | Entered Level 13 of a ziggurat
 19248 | Zig:13   | Identified the +1 morningstar "Goblinbane" {drain, ^Drain
                  | rElec rPois Int-5}
 19251 | Zig:13   | Identified the ring "Huoss" {rF+++ Str+6 Int+5 Slay-2}
 19265 | Zig:13   | Got the Volume of the Geometric Pyre
 19276 | Zig:14   | Entered Level 14 of a ziggurat
 19286 | Zig:14   | Noticed a dread lich
 19288 | Zig:14   | Reached XP level 25. HP: 209/209 MP: 49/49
 19291 | Zig:14   | Killed a dread lich
 19336 | Zig:15   | Entered Level 15 of a ziggurat
 19358 | Zig:15   | Found the +8 Vampire's Tooth {megavamp}
 19380 | Zig:15   | Identified the amulet of the Solstice {Faith rElec rC-
                  | Will+ Str+3}
 19398 | Zig:15   | Identified the +1 glaive of Ubaitzacan {flame, Str+3 Int+5}
 19422 | Zig:16   | Entered Level 16 of a ziggurat
 19437 | Zig:16   | Reached skill level 10 in Earth Magic
 19463 | Zig:16   | Identified the staff of Wyfudd {rN+ rCorr Necro Ice}
 19466 | Zig:16   | Identified the ring of Kaethau {rPois rF- Dex+6 SInv}
 19468 | Zig:16   | Acquired 1032 gold pieces
 19469 | Zig:16   | Reached XP level 26. HP: 217/217 MP: 49/49
 19470 | Zig:16   | Reached skill level 15 in Earth Magic
 19470 | Zig:16   | Reached XP level 27. HP: 224/224 MP: 49/49
 19499 | Zig:17   | Entered Level 17 of a ziggurat
 19503 | Zig:17   | Noticed a Killer Klown
 19504 | Zig:17   | Noticed Hyliarph the pandemonium lord
 19505 | Zig:17   | Noticed Kecvom the pandemonium lord
 19506 | Zig:17   | Noticed Nabyud the pandemonium lord
 19507 | Zig:17   | Noticed Henuapni the pandemonium lord
 19508 | Zig:17   | Noticed Kiakaso the pandemonium lord
 19512 | Zig:17   | Noticed a Killer Klown
 19513 | Zig:17   | Noticed Xuidgh the pandemonium lord
 19513 | Zig:17   | Noticed Alimp the pandemonium lord
 19514 | Zig:17   | Killed Kecvom the pandemonium lord
 19514 | Zig:17   | Killed a Killer Klown
 19514 | Zig:17   | Killed Nabyud the pandemonium lord
 19514 | Zig:17   | Killed Alimp the pandemonium lord
 19514 | Zig:17   | Killed a Killer Klown
 19515 | Zig:17   | Killed Xuidgh the pandemonium lord
 19515 | Zig:17   | Killed Kiakaso the pandemonium lord
 19518 | Zig:17   | Killed Hyliarph the pandemonium lord
 19522 | Zig:17   | Killed Henuapni the pandemonium lord
 19535 | Zig:17   | Got the Reference Book on Helpful Terrain
 19544 | Zig:17   | Identified the +0 hat "Salen" {rCorr Int+3 Slay-6 Stlth+}
 19552 | Zig:17   | Identified the +2 short sword of Jas Panwa {heavy, rPois
                  | Int+2}
 19614 | Zig:18   | Entered Level 18 of a ziggurat
 19643 | Zig:18   | Identified the staff "Leuss" {rC+ rCorr Dex-3 Conj Tmut
                  | Ice}
 19656 | Zig:18   | Identified the staff of Ambiguity {SInv Conj}
 19668 | Zig:18   | Identified the +3 dagger of Modesty {venom, Str+3 Int+3}
 19731 | Zig:19   | Entered Level 19 of a ziggurat
 19736 | Zig:19   | Noticed an ancient lich
 19737 | Zig:19   | Noticed an ancient lich
 19739 | Zig:19   | Killed an ancient lich
 19739 | Zig:19   | Noticed an ancient lich
 19740 | Zig:19   | Killed an ancient lich
 19743 | Zig:19   | Reached skill level 10 in Evocations
 19744 | Zig:19   | Killed an ancient lich
 19746 | Zig:19   | Noticed an ancient lich
 19750 | Zig:19   | Killed an ancient lich
 19750 | Zig:19   | Killed a dread lich
 19764 | Zig:19   | Identified the +1 buckler of Lyaluxa {Fly rElec Will++
                  | Stlth-}
 19766 | Zig:19   | Identified the ring "Qudghum" {rF+ rC- Will+ Str+3 Int+2}
 19770 | Zig:19   | Identified the +0 scale mail of Feguty {Harm ^Drain Str+3
                  | Dex+2}
 19782 | Zig:19   | Identified the +3 leather armour of Muazoos {+Inv rC+
                  | Str+4}
 19826 | Zig:20   | Entered Level 20 of a ziggurat
 19840 | Zig:20   | Reached skill level 10 in Air Magic
 19868 | Zig:20   | Identified the +5 quarterstaff "Ywaamame" {heavy, Str+2}
 19889 | Zig:20   | Identified the +7 war axe of Checks and Balances {heavy,
                  | rF+ rC+ Int-3}
 19890 | Zig:20   | Identified the ring of the Elephant {rN+ MP+9}
 19936 | Zig:21   | Entered Level 21 of a ziggurat
 19943 | Zig:21   | Noticed a Killer Klown
 19946 | Zig:21   | Noticed Kysiafuqo the pandemonium lord
 19947 | Zig:21   | Noticed Papraid the pandemonium lord
 19947 | Zig:21   | Noticed a Killer Klown
 19948 | Zig:21   | Noticed Ceppas the pandemonium lord
 19948 | Zig:21   | Noticed a Killer Klown
 19948 | Zig:21   | Noticed Xemak the pandemonium lord
 19948 | Zig:21   | Noticed Kesow the pandemonium lord
 19948 | Zig:21   | Noticed Votet the pandemonium lord
 19948 | Zig:21   | Noticed Raisaw the pandemonium lord
 19948 | Zig:21   | Killed Papraid the pandemonium lord
 19948 | Zig:21   | Killed a Killer Klown
 19948 | Zig:21   | Killed Raisaw the pandemonium lord
 19948 | Zig:21   | Noticed Ylemaont the pandemonium lord
 19949 | Zig:21   | Noticed a Killer Klown
 19949 | Zig:21   | Noticed Hineuvuv the pandemonium lord
 19949 | Zig:21   | Noticed Ywkol the pandemonium lord
 19950 | Zig:21   | Killed Votet the pandemonium lord
 19950 | Zig:21   | Killed a Killer Klown
 19950 | Zig:21   | Killed a Killer Klown
 19950 | Zig:21   | Noticed a Killer Klown
 19950 | Zig:21   | Noticed Buzipuip the pandemonium lord
 19951 | Zig:21   | Killed Hineuvuv the pandemonium lord
 19951 | Zig:21   | Killed Ylemaont the pandemonium lord
 19952 | Zig:21   | Noticed a Killer Klown
 19953 | Zig:21   | Noticed a Killer Klown
 19953 | Zig:21   | Killed Buzipuip the pandemonium lord
 19953 | Zig:21   | Killed a Killer Klown
 19956 | Zig:21   | Killed Ywkol the pandemonium lord
 19957 | Zig:21   | Killed Xemak the pandemonium lord
 19957 | Zig:21   | Killed a Killer Klown
 19957 | Zig:21   | Killed Kysiafuqo the pandemonium lord
 19959 | Zig:21   | Killed Ceppas the pandemonium lord
 19963 | Zig:21   | Killed a Killer Klown
 19969 | Zig:22   | Entered Level 22 of a ziggurat
 19982 | Zig:22   | Killed Yzasin the pandemonium lord
 20031 | Zig:22   | Found the +11 Singing Sword {sonic wave}
 20045 | Zig:22   | Identified the +1 dire flail "Ucsemmun" {antimagic, rElec
                  | rCorr Str-4 Int+8}
 20079 | Zig:22   | Identified the +8 war axe of Saki {heavy, rC+ Int+3 Stlth+}
 20117 | Zig:22   | Learned a level 9 spell: Death's Door
 20130 | Zig:23   | Entered Level 23 of a ziggurat
 20178 | Zig:23   | Acquired the ring of Sisiamn {rC+ MP+9 Int+2}
 20189 | Zig:23   | Identified the +5 falchion of Plog {drain, rElec rF+ rC++
                  | Stlth-}
 20265 | Zig:24   | Entered Level 24 of a ziggurat
 20296 | Zig:24   | Reached skill level 15 in Air Magic
 20298 | Zig:24   | Reached skill level 15 in Evocations
 20309 | Zig:24   | Gained mutation: You are vulnerable to cold. (rC-) [a
                  | neqoxec]
 20312 | Abyss:5  | Cast into level 5 of the Abyss (unwielding a weapon of
                  | distortion)
 20331 | Abyss:5  | Found a corrupted altar of Lugonu.
 20344 | Abyss:5  | Found a corrupted altar of Lugonu.
 20354 | Abyss:5  | Got an abyssal rune of Zot
 20370 | Abyss:5  | Lost mutation: You are vulnerable to cold. (rC-) [potion of
                  | mutation]
 20370 | Abyss:5  | Lost mutation: Armour fits poorly on your strangely shaped
                  | body. [potion of mutation]
 20370 | Abyss:5  | Lost mutation: You possess an exceptional clarity of mind.
                  | [potion of mutation]
 20370 | Abyss:5  | Gained mutation: Your muscles are strong. (Str +4, Int/Dex
                  | -1) [potion of mutation]
 20370 | Abyss:5  | Gained mutation: Your mind is very acute. (Int +8, Str/Dex
                  | -2) [potion of mutation]
 20450 | Zig:24   | Escaped the Abyss
 20454 | Zig:24   | Paralysed by accursed screaming for 2 turns
 20498 | Zig:24   | Got Gied's Dissertation on Amathomancy and Kindling
 20512 | Zig:24   | Identified the +0 robe of Barnacled Wonder {Int+2 Stlth+}
 20517 | Zig:24   | Identified the +4 flail "Seladue" {freeze, *Rage rPois
                  | rCorr Str+3}
 20526 | Zig:24   | Identified the ring of Temperance {rC- rN+ Int+5 Dex+6}
 20527 | Zig:24   | Identified the +0 plate armour "Ifeshr Iwas" {rF+}
 20563 | Zig:25   | Entered Level 25 of a ziggurat
 20569 | Zig:25   | Noticed Guadd the pandemonium lord
 20569 | Zig:25   | Noticed Weeriwn the pandemonium lord
 20569 | Zig:25   | Noticed Siybaupin the pandemonium lord
 20574 | Zig:25   | Killed Guadd the pandemonium lord
 20575 | Zig:25   | Killed Weeriwn the pandemonium lord
 20576 | Zig:25   | Noticed a Killer Klown
 20578 | Zig:25   | Killed a Killer Klown
 20578 | Zig:25   | Killed Siybaupin the pandemonium lord
 20579 | Zig:25   | Reached skill level 10 in Necromancy
 20581 | Zig:25   | Noticed a Killer Klown
 20583 | Zig:25   | Noticed Macoy the pandemonium lord
 20584 | Zig:25   | Killed a Killer Klown
 20585 | Zig:25   | Killed Dial the pandemonium lord
 20586 | Zig:25   | Noticed Boekk the pandemonium lord
 20586 | Zig:25   | Noticed Yminel the pandemonium lord
 20587 | Zig:25   | Noticed Vouv the pandemonium lord
 20588 | Zig:25   | Killed Macoy the pandemonium lord
 20589 | Zig:25   | Killed Vouv the pandemonium lord
 20589 | Zig:25   | Noticed Orejeexo the pandemonium lord
 20591 | Zig:25   | Killed Boekk the pandemonium lord
 20591 | Zig:25   | Killed Yminel the pandemonium lord
 20593 | Zig:25   | Killed Orejeexo the pandemonium lord
 20593 | Zig:25   | Noticed Piesit the pandemonium lord
 20593 | Zig:25   | Noticed Qeyr Ten the pandemonium lord
 20594 | Zig:25   | Reached skill level 10 in Throwing
 20601 | Zig:25   | Killed Piesit the pandemonium lord
 20601 | Zig:25   | Killed Qeyr Ten the pandemonium lord
 20626 | Zig:25   | Identified the staff of Doom {rF+ rC+ Fire}
 20642 | Zig:25   | Identified the +1 leather armour "Rypo" {rElec}
 20654 | Zig:25   | Identified the +12 mace "Itwufula" {venom, rCorr Str+3 SInv
                  | Stlth-}
 20655 | Zig:25   | Identified the ring "Nalupyot" {+Blink Str-3 Int-3 Dex+5
                  | Slay+4}
 20656 | Zig:25   | Identified the ring of Ypic {rF+ rN+}
 20722 | Zig:26   | Entered Level 26 of a ziggurat
 20761 | Zig:26   | Found the +8 orange crystal plate armour {Archmagi, Int+3
                  | Clar}
 20780 | Zig:26   | Identified the +6 trident of Drought {elec, rPois rF- rN+
                  | Stlth+}
 20796 | Zig:26   | Got the Anthology of the Spider
 20797 | Zig:26   | Identified the +1 orcbow of Jobbuowigu {flame, Stlth+}
 20801 | Zig:26   | Identified the +11 hand axe of Valotilu {freeze, Str-5
                  | Int+4 SInv}
 20861 | Zig:27   | Entered Level 27 of a ziggurat
 20895 | Zig:27   | Found the +5 glaive of the Guard {elec, spectral}
 20896 | Zig:27   | Found the +7 sceptre of Torment {pain, torment}
 20911 | Zig:27   | Identified the staff of Extermination {rC+ Dex+2 Ice}
 20914 | Zig:27   | Identified the ring "Iliuq" {rN+ Will+ rCorr Str-5}
 20929 | Zig:27   | Identified the +5 spear "Duvafof" {spect, Int+3}
 21039 | Depths:1 | Found a gateway to Hell.
 21048 | Hell     | Entered the Vestibule of Hell
 21048 | Hell     | Noticed Geryon
 21053 | Hell     | Killed Geryon
 21139 | Depths:1 | Found a one-way gate to the infinite horrors of the Abyss.
 21256 | Depths:2 | Noticed a caustic shrike
 21258 | Depths:2 | Killed a caustic shrike
 21267 | Depths:2 | Identified the +7 mace of World Downfall {venom, rCorr
                  | Int+5}
 21461 | Depths:2 | Identified the +3 war axe "Vese" {vamp, rN+ Will++ Int+2
                  | Dex-5}
 21474 | Depths:2 | Found a one-way gate leading to the halls of Pandemonium.
 21499 | Depths:2 | Learned a level 8 spell: Maxwell's Capacitive Coupling
 21520 | Depths:3 | Noticed a caustic shrike
 21522 | Depths:3 | Killed a caustic shrike
 21533 | Depths:3 | Reached skill level 15 in Throwing
 21571 | Depths:3 | Reached skill level 15 in Necromancy
 21577 | Depths:3 | Noticed Boris
 21582 | Depths:3 | Killed Boris
 21671 | Depths:4 | Entered Level 4 of the Depths
 21680 | Depths:4 | Found a gateway to a bazaar.
 21691 | Bazaar   | Entered a bazaar
 21693 | Bazaar   | Found Qoduvukk's Weapon Boutique.
 21697 | Bazaar   | Found Nuclir's Assorted Antiques.
 21697 | Bazaar   | Found Hyegylit's Book Boutique.
 21698 | Bazaar   | Found Lutedaac's General Store.
 21708 | Bazaar   | Bought a potion of curing for 42 gold pieces
 21708 | Bazaar   | Bought a wand of paralysis (5) for 168 gold pieces
 21708 | Bazaar   | Bought a scroll of amnesia for 56 gold pieces
 21708 | Bazaar   | Bought 2 scrolls of enchant armour for 210 gold pieces
 21881 | Depths:4 | Found a gate to the Realm of Zot.
 21913 | Depths:4 | Found a blossoming altar of Fedhas.
 21949 | Depths:4 | Noticed Vv
 21955 | Depths:4 | Killed Vv
 22193 | Depths:4 | Identified the +1 robe "Loboggub" {Str+5}
 22375 | D:14     | Bought a box of beasts for 1280 gold pieces
 22593 | Vaults:1 | You are sucked into a shaft and drop 1 floor!
 22811 | Vaults:5 | Entered Level 5 of the Vaults
 22811 | Vaults:5 | Noticed an ancient lich
 22814 | Vaults:5 | Killed an ancient lich
 22824 | Vaults:5 | Noticed Mennas
 22833 | Vaults:4 | Reached skill level 27 in Air Magic
 23213 | Vaults:4 | Found Meutyfie's Assorted Antiques.
 23216 | Vaults:4 | Found a large runed translucent door.
 23220 | Vaults:4 | Bought a potion of curing for 93 gold pieces
 23228 | Vaults:4 | Found a large runed translucent door.
 23229 | Vaults:4 | Found a large runed translucent door.
 23229 | Vaults:4 | Found a large runed translucent door.
 23229 | Vaults:4 | Found a large runed translucent door.
 23229 | Vaults:4 | Found a large runed translucent door.
 23229 | Vaults:4 | Found a large runed translucent door.
 23229 | Vaults:4 | Found a large runed translucent door.
 23229 | Vaults:4 | Noticed Sudilyre's ghost (adept MiBe)
 23232 | Vaults:4 | Killed Sudilyre's ghost
 23282 | Vaults:4 | Bought a smoking staff for 527 gold pieces
 23282 | Vaults:4 | Identified the staff of Gexzoa {rF+ Str+4 Conj Tmut} (You
                  | bought it in a shop on level 4 of the Vaults)
 23345 | Vaults:3 | Identified the +5 scale mail of the Comet {rC+++ rCorr
                  | Str-5 Dex+2}
 23378 | Vaults:3 | Identified the +0 war axe of Syoloowk {venom, ^Drain MP+9
                  | SInv}
 23423 | Vaults:4 | Identified the +7 scale mail of Gozag's Favour {Will+}
 23492 | Vaults:4 | Noticed Boris
 23498 | Vaults:4 | Killed Boris
 23553 | Vaults:4 | Reached skill level 27 in Spellcasting
 23887 | Vaults:5 | Noticed a dread lich
 23900 | Vaults:5 | Killed a dread lich
 23902 | Vaults:5 | Killed Mennas
 23940 | Vaults:5 | Noticed an ancient lich
 23944 | Vaults:5 | Killed an ancient lich
 24046 | Vaults:5 | Got Dibups's Discursus on Generative Despicable Ceremonies
 24234 | Vaults:5 | Got a silver rune of Zot
 24484 | Crypt:3  | Reached skill level 5 in Translocations
 24546 | Crypt:3  | Identified the staff of Guile {rF+ rC+ Int-4 Hexes Summ
                  | Ice}
 24553 | Crypt:3  | Identified the ring "Efuwuwebb" {rC++ Str+6 Int+6 Stlth-}
 24554 | Crypt:3  | Identified the ring "Gohee" {rC+ Dex+3 SInv}
 24723 | Crypt:3  | Found a staircase to the Tomb.
 24730 | Tomb:1   | Entered Level 1 of the Tomb of the Ancients
 24747 | Tomb:1   | Noticed a royal mummy
 24750 | Tomb:1   | Killed a royal mummy
 24750 | Tomb:1   | Killed a royal mummy
 24750 | Tomb:1   | Noticed a royal mummy
 24752 | Tomb:1   | Killed a royal mummy
 24757 | Tomb:1   | Noticed a royal mummy
 24761 | Tomb:1   | Killed a royal mummy
 24772 | Tomb:1   | Noticed a royal mummy
 24776 | Tomb:1   | Killed a royal mummy
 24777 | Tomb:1   | Noticed a royal mummy
 24780 | Tomb:1   | Killed a royal mummy
 24786 | Tomb:1   | Noticed a royal mummy
 24790 | Tomb:1   | Killed a royal mummy
 24804 | Tomb:1   | Noticed a royal mummy
 24806 | Tomb:1   | Killed a royal mummy
 24839 | Tomb:1   | Noticed a royal mummy
 24839 | Tomb:1   | Noticed a royal mummy
 24839 | Tomb:1   | Noticed a royal mummy
 24841 | Tomb:1   | Killed a royal mummy
 24841 | Tomb:1   | Noticed a royal mummy
 24842 | Tomb:1   | Noticed a royal mummy
 24843 | Tomb:1   | Killed a royal mummy
 24844 | Tomb:1   | Killed a royal mummy
 24846 | Tomb:1   | Killed a royal mummy
 24846 | Tomb:1   | Noticed a royal mummy
 24847 | Tomb:1   | Killed a royal mummy
 24851 | Tomb:1   | Killed a royal mummy
 25093 | Tomb:3   | Entered Level 3 of the Tomb of the Ancients
 25106 | Tomb:3   | Noticed a royal mummy
 25106 | Tomb:3   | Noticed a royal mummy
 25107 | Tomb:3   | Killed a royal mummy
 25109 | Tomb:3   | Noticed Boris
 25112 | Tomb:3   | Killed a royal mummy
 25116 | Tomb:3   | Killed Boris
 25118 | Tomb:3   | Noticed a royal mummy
 25119 | Tomb:3   | Noticed a royal mummy
 25120 | Tomb:3   | Killed a royal mummy
 25121 | Tomb:3   | Killed a royal mummy
 25122 | Tomb:3   | Reached skill level 10 in Transmutations
 25125 | Tomb:3   | Noticed a royal mummy
 25126 | Tomb:3   | Noticed a royal mummy
 25127 | Tomb:3   | Killed a royal mummy
 25127 | Tomb:3   | Noticed a royal mummy
 25127 | Tomb:3   | Noticed a royal mummy
 25129 | Tomb:3   | Killed a royal mummy
 25129 | Tomb:3   | Killed a royal mummy
 25130 | Tomb:3   | Killed a royal mummy
 25237 | Tomb:3   | Got a golden rune of Zot
 25300 | Tomb:3   | Identified the +2 scimitar of Corpus Delicti {speed,
                  | ^Contam rElec rC+}
 25301 | Tomb:3   | Identified the +1 long sword of Offence {holy, rElec rPois
                  | rF+++ Str-4}
 25302 | Tomb:3   | Identified the +7 falchion of Jocular Action {heavy, rElec
                  | Will- Int+2 SInv}
 25305 | Tomb:3   | Identified the staff of Arbitration {rElec rF+ Conj Earth}
 25307 | Tomb:3   | Identified the ring "Urus" {Ice Int+2 Dex+2}
 25313 | Tomb:3   | Identified the +4 scimitar of Ziujiwk {drain, Str+3}
 25611 | Pan      | Entered Pandemonium
 25628 | Pan      | Noticed Zoboeq the pandemonium lord
 25631 | Pan      | Killed Zoboeq the pandemonium lord
 25646 | Pan      | Noticed Nebuoteq the pandemonium lord
 25653 | Pan      | Killed Nebuoteq the pandemonium lord
 25733 | Pan      | Reached skill level 10 in Shields
 25736 | Pan      | Noticed Giqi the pandemonium lord
 25743 | Pan      | Killed Giqi the pandemonium lord
 25829 | Pan      | Got a demonic rune of Zot
 25979 | Pan      | Noticed Daepnion the pandemonium lord
 25982 | Pan      | Killed Daepnion the pandemonium lord
 26007 | Pan      | Noticed Baceothre the pandemonium lord
 26011 | Pan      | Killed Baceothre the pandemonium lord
 26021 | Pan      | Gained mutation: Your body sometimes deteriorates upon
                  | taking damage. [a cacodemon]
 26225 | Pan      | Found a white marble altar of Elyvilon.
 26325 | Pan      | Noticed Remichy the pandemonium lord
 26329 | Pan      | Killed Remichy the pandemonium lord
 26357 | Pan      | Identified the scarf of Yseroics {harm, rN+ Int+2}
 26363 | Pan      | Entered the realm of Lom Lobon.
 26377 | Pan      | Noticed Lom Lobon
 26397 | Pan      | Killed Lom Lobon
 26408 | Pan      | Got a magical rune of Zot
 26516 | Pan      | Identified the +1 scale mail of the Black Moon {Will+++
                  | Int+8 Dex-3}
 26554 | Pan      | Noticed Onis the pandemonium lord
 26558 | Pan      | Killed Onis the pandemonium lord
 26559 | Pan      | Reached skill level 10 in Translocations
 26567 | Pan      | Reached skill level 10 in Dodging
 26596 | Pan      | Entered the realm of Mnoleg.
 26600 | Pan      | Noticed Mnoleg
 26606 | Pan      | Killed Mnoleg
 26627 | Pan      | Got a glowing rune of Zot
 26693 | Pan      | Found an exit through the horrors of the Abyss.
 26717 | Pan      | Entered the realm of Cerebov.
 26804 | Pan      | Found the +6 sword of Cerebov {flame}
 26804 | Pan      | Noticed Cerebov
 26808 | Pan      | Killed Cerebov
 26817 | Pan      | Identified the staff of Magnificence {rElec rF+ rC+ Str+4
                  | Dex+3 Fire}
 26843 | Pan      | Identified the staff "Ogre's Doom" {^Contam rPois rF+ SInv
                  | Necro Fire}
 26898 | Pan      | Identified the +0 swamp dragon scales "Cammaozi" {*Slow
                  | rPois Int+4 Dex+4}
 26936 | Pan      | Found an exit through the horrors of the Abyss.
 27005 | Pan      | Got a fiery rune of Zot
 27053 | Pan      | Entered the realm of Gloorx Vloq.
 27112 | Pan      | Noticed Gloorx Vloq
 27116 | Pan      | Killed Gloorx Vloq
 27120 | Pan      | Got a dark rune of Zot
 27200 | Pan      | Found an exit through the horrors of the Abyss.
 27213 | Pan      | Took an exit into the Abyss.
 27213 | Abyss:6  | Escaped into the Abyss
 27259 | Depths:2 | Escaped the Abyss
 27329 | Hell     | Found a gateway to the Iron City of Dis.
 27342 | Dis:1    | Entered Level 1 of the Iron City of Dis
 27388 | Dis:2    | Noticed a dread lich
 27390 | Dis:2    | Killed a dread lich
 27409 | Dis:3    | Noticed a caustic shrike
 27409 | Dis:3    | Noticed a caustic shrike
 27409 | Dis:3    | Noticed a caustic shrike
 27409 | Dis:3    | Noticed a caustic shrike
 27410 | Dis:3    | Killed a caustic shrike
 27410 | Dis:3    | Killed a caustic shrike
 27410 | Dis:3    | Killed a caustic shrike
 27411 | Dis:3    | Killed a caustic shrike
 27467 | Dis:5    | Noticed a caustic shrike
 27467 | Dis:5    | Noticed a caustic shrike
 27469 | Dis:5    | Killed a caustic shrike
 27469 | Dis:5    | Noticed a caustic shrike
 27470 | Dis:5    | Killed a caustic shrike
 27473 | Dis:5    | Killed a caustic shrike
 27473 | Dis:5    | Noticed a caustic shrike
 27474 | Dis:5    | Noticed a caustic shrike
 27475 | Dis:5    | Noticed a caustic shrike
 27476 | Dis:5    | Killed a caustic shrike
 27476 | Dis:5    | Killed a caustic shrike
 27477 | Dis:5    | Killed a caustic shrike
 27534 | Dis:6    | Noticed a caustic shrike
 27534 | Dis:6    | Noticed a caustic shrike
 27536 | Dis:6    | Noticed a caustic shrike
 27537 | Dis:6    | Killed a caustic shrike
 27537 | Dis:6    | Killed a caustic shrike
 27538 | Dis:6    | Killed a caustic shrike
 27561 | Dis:6    | Noticed a caustic shrike
 27561 | Dis:6    | Noticed a caustic shrike
 27561 | Dis:6    | Noticed a caustic shrike
 27562 | Dis:6    | Killed a caustic shrike
 27563 | Dis:6    | Killed a caustic shrike
 27563 | Dis:6    | Killed a caustic shrike
 27585 | Dis:7    | Entered Level 7 of the Iron City of Dis
 27691 | Dis:7    | Noticed a caustic shrike
 27693 | Dis:7    | Killed a caustic shrike
 27732 | Dis:7    | Noticed a caustic shrike
 27734 | Dis:7    | Killed a caustic shrike
 27801 | Dis:7    | Noticed a caustic shrike
 27804 | Dis:7    | Killed a caustic shrike
 27807 | Dis:7    | Noticed a caustic shrike
 27811 | Dis:7    | Killed a caustic shrike
 27849 | Dis:7    | Noticed a caustic shrike
 27850 | Dis:7    | Noticed a caustic shrike
 27853 | Dis:7    | Killed a caustic shrike
 27854 | Dis:7    | Killed a caustic shrike
 27881 | Dis:7    | Noticed Dispater
 27882 | Dis:7    | Noticed a caustic shrike
 27885 | Dis:7    | Killed a caustic shrike
 27907 | Dis:7    | Killed Dispater
 27927 | Dis:7    | Got an iron rune of Zot
 28006 | Hell     | Found a gateway to the ashen valley of Gehenna.
 28015 | Geh:1    | Entered Level 1 of Gehenna
 28023 | Geh:1    | Reached skill level 27 in Earth Magic
 28451 | Geh:7    | Entered Level 7 of Gehenna
 28490 | Geh:7    | Reached skill level 27 in Conjurations
 28512 | Geh:7    | Identified the ring "Numih" {rElec Str+4 Int+6 Slay+3}
 28528 | Geh:7    | Got Vuamm's Anthology of the Feculent Snowflakes
 28607 | Geh:7    | Found the +13 sceptre of Asmodeus
 28607 | Geh:7    | Noticed Asmodeus
 28609 | Geh:7    | Killed Asmodeus
 28622 | Geh:7    | Identified the +3 scale mail of Hadjma {rC+ Will+ Slay-6}
 28627 | Geh:7    | Got an obsidian rune of Zot
 28633 | Geh:7    | Learned a level 4 spell: Iskenderun's Mystic Blast
 28718 | Hell     | Found a gateway to the decaying netherworld of Tartarus.
 28727 | Tar:1    | Entered Level 1 of Tartarus
 28896 | Tar:1    | You are sucked into a shaft and drop 1 floor!
 29024 | Tar:4    | Found a runed translucent door.
 29027 | Zig:1    | Entered Level 1 of a ziggurat
 29038 | Zig:2    | Entered Level 2 of a ziggurat
 29039 | Zig:2    | Noticed Cavyarun the pandemonium lord
 29043 | Zig:2    | Killed Cavyarun the pandemonium lord
 29092 | Zig:3    | Entered Level 3 of a ziggurat
 29134 | Zig:4    | Entered Level 4 of a ziggurat
 29157 | Zig:5    | Entered Level 5 of a ziggurat
 29196 | Zig:6    | Entered Level 6 of a ziggurat
 29215 | Zig:6    | Got the Spellbook of the Geodesic
 29219 | Zig:6    | Identified the +1 leather armour of Pessimism {rPois SInv}
 29227 | Zig:7    | Entered Level 7 of a ziggurat
 29232 | Zig:7    | Found the +13 scythe of Curses {drain, curses, ^Drain}
 29233 | Zig:7    | Noticed an ancient lich
 29235 | Zig:7    | Killed an ancient lich
 29244 | Zig:7    | Identified the +9 demon blade "Wosota" {flame, rN+}
 29252 | Zig:7    | Identified the +3 robe of Monotheism {SInv}
 29257 | Zig:8    | Entered Level 8 of a ziggurat
 29267 | Zig:8    | Reached skill level 1 in Staves
 29267 | Zig:8    | Gained mutation: Your health recovers twice as slowly from
                  | being drained. [a shining eye]
 29301 | Zig:9    | Entered Level 9 of a ziggurat
 29312 | Zig:9    | Reached skill level 5 in Stealth
 29331 | Zig:9    | Identified the +4 scimitar of Apsau {flame, ^Drain Str-2
                  | Int+6 Dex+3}
 29365 | Zig:10   | Entered Level 10 of a ziggurat
 29369 | Zig:10   | Noticed Soidut the pandemonium lord
 29370 | Zig:10   | Noticed a Killer Klown
 29371 | Zig:10   | Noticed a Killer Klown
 29371 | Zig:10   | Noticed a Killer Klown
 29371 | Zig:10   | Noticed a Killer Klown
 29372 | Zig:10   | Killed a Killer Klown
 29373 | Zig:10   | Noticed a Killer Klown
 29374 | Zig:10   | Killed Soidut the pandemonium lord
 29374 | Zig:10   | Killed a Killer Klown
 29374 | Zig:10   | Killed a Killer Klown
 29375 | Zig:10   | Killed a Killer Klown
 29375 | Zig:10   | Noticed Wagegok the pandemonium lord
 29377 | Zig:10   | Killed a Killer Klown
 29379 | Zig:10   | Killed Wagegok the pandemonium lord
 29387 | Zig:10   | Found the +9 sword of Power {lifebolt}
 29403 | Zig:11   | Entered Level 11 of a ziggurat
 29414 | Zig:11   | Noticed a dread lich
 29414 | Zig:11   | Found the +4 consecrated labrys {holy, Valiant ^Fragile Fly
                  | SInv}
 29414 | Zig:11   | Noticed an ancient lich
 29416 | Zig:11   | Killed a dread lich
 29416 | Zig:11   | Killed an ancient lich
 29417 | Zig:11   | Noticed an ancient lich
 29418 | Zig:11   | Killed an ancient lich
 29467 | Zig:12   | Entered Level 12 of a ziggurat
 29473 | Zig:12   | Noticed a caustic shrike
 29475 | Zig:12   | Reached skill level 1 in Maces & Flails
 29475 | Zig:12   | Noticed a caustic shrike
 29475 | Zig:12   | Noticed a caustic shrike
 29476 | Zig:12   | Reached skill level 5 in Staves
 29476 | Zig:12   | Killed a caustic shrike
 29476 | Zig:12   | Killed a caustic shrike
 29476 | Zig:12   | Killed a caustic shrike
 29492 | Zig:12   | Found the +9 scales of the Dragon King {rPois rF+ rC+
                  | Will+}
 29500 | Zig:12   | Identified the ring "Facua" {rC+++ MP+9 Dex-4 Stlth+}
 29503 | Zig:12   | Identified the staff of Mandamus {*Slow rN+ Str+4 Necro Ice
                  | Air}
 29506 | Zig:12   | Identified the +2 dagger "Naxuek" {heavy, ^Fragile rF+
                  | Str+6}
 29509 | Zig:12   | Identified the +6 rapier of Circularity {elec, rElec rF+
                  | rC- Stlth+}
 29515 | Zig:12   | Identified the +9 rapier "Vyothrud" {heavy, rF++ Stlth+}
 29536 | Zig:13   | Entered Level 13 of a ziggurat
 29546 | Zig:13   | Reached skill level 5 in Maces & Flails
 29575 | Zig:14   | Entered Level 14 of a ziggurat
 29589 | Zig:14   | Noticed a caustic shrike
 29590 | Zig:14   | Noticed a caustic shrike
 29590 | Zig:14   | Noticed a caustic shrike
 29591 | Zig:14   | Reached skill level 10 in Staves
 29592 | Zig:14   | Killed a caustic shrike
 29592 | Zig:14   | Killed a caustic shrike
 29593 | Zig:14   | Killed a caustic shrike
 29598 | Zig:14   | Found the ring of the Octopus King
 29613 | Zig:14   | Identified the +4 chain mail "Geuck" {Rampage Regen+}
 29615 | Zig:14   | Identified the +1 troll leather armour "Urphaorrurr" {Harm
                  | rC- rN++ Regen+ SInv}
 29617 | Zig:14   | Identified the +1 plate armour "Qiotetut" {Str+7 Int+3
                  | Dex-5}
 29618 | Zig:14   | Identified a ring of the Octopus King {HP+2 MP+9 AC+2 EV+2
                  | SH+2}
 29620 | Zig:14   | Identified the ring of the Voivode {Fly rPois rF- rN+ SInv}
 29629 | Zig:15   | Entered Level 15 of a ziggurat
 29649 | Zig:15   | Reached skill level 10 in Maces & Flails
 29649 | Zig:15   | Noticed an ancient lich
 29651 | Zig:15   | Killed an ancient lich
 29678 | Zig:15   | Identified the +2 leather armour of Iczook {rF+ Will+
                  | Stlth+}
 29681 | Zig:15   | Identified the +11 glaive of Xeoje {freeze, rC+ Stlth+}
 29682 | Zig:15   | Identified the +11 spear of Truncation {pain, Dex+2}
 29696 | Zig:16   | Entered Level 16 of a ziggurat
 29710 | Zig:16   | Noticed a caustic shrike
 29710 | Zig:16   | Noticed a caustic shrike
 29711 | Zig:16   | Noticed a caustic shrike
 29712 | Zig:16   | Killed a caustic shrike
 29712 | Zig:16   | Killed a caustic shrike
 29713 | Zig:16   | Killed a caustic shrike
 29746 | Zig:16   | Identified the ring "Koemer" {MP+9 EV+5}
 29754 | Zig:16   | Identified the amulet of the Ego {Reflect rElec SH+5}
 29761 | Zig:16   | Identified the +1 broad axe of Impatience {antimagic,
                  | ^Fragile rN+ Str+4}
 29803 | Zig:17   | Entered Level 17 of a ziggurat
 29820 | Zig:17   | Killed a dread lich
 29927 | Zig:18   | Entered Level 18 of a ziggurat
 29940 | Zig:18   | Noticed a dread lich
 29943 | Zig:18   | Killed a dread lich
 29946 | Zig:18   | Noticed a dread lich
 29948 | Zig:18   | Killed a dread lich
 29958 | Zig:18   | Found the dreamshard necklace {Acrobat *Dream}
 29967 | Zig:18   | Identified the +3 dagger "Brush" {flame, rF+ Str+3 Int+2}
 29983 | Zig:19   | Entered Level 19 of a ziggurat
 29995 | Zig:19   | Paralysed by an air elemental for 1 turns
 30024 | Zig:19   | Identified the +1 robe of the Four Xenops {rF++}
 30025 | Zig:19   | Identified the amulet "Reqai" {Faith rC+ Str+6}
 30029 | Zig:19   | Identified the +2 ring mail of Music {rF+ rC+ Str+4 Int-3}
 30032 | Zig:19   | Identified the +9 rapier "Eleac" {heavy, ^Drain rElec MP+9
                  | Int+4}
 30034 | Zig:19   | Identified the +4 falchion "Kaqeux" {freeze, Fly rElec rC+
                  | Dex+8}
 30035 | Zig:19   | Identified the ring "Qisof Ovu" {Wiz Will+ Dex+3}
 30036 | Zig:19   | Identified the +0 robe "Ubou" {Int+5}
 30052 | Zig:19   | Identified the +3 helmet of Ycucvan {rPois Dex+2 Stlth-}
 30062 | Zig:20   | Entered Level 20 of a ziggurat
 30090 | Zig:20   | Reached skill level 27 in Fighting
 30101 | Zig:20   | Identified the +12 triple sword of Slow Death {antimagic,
                  | Int+3 Stlth+}
 30104 | Zig:20   | Identified the +5 chain mail of Defence {-Tele Int+8}
 30105 | Zig:20   | Identified the +0 whip of Acwa {speed, *Rage rC- rN+ Str+8}
 30106 | Zig:20   | Identified the +0 dagger "Seupn" {protect, rC+ Dex+3}
 30107 | Zig:20   | Identified the +8 rapier "Voveabis" {elec, Fly Int+3 Dex-2}
 30126 | Zig:21   | Entered Level 21 of a ziggurat
 30148 | Zig:21   | Reached skill level 27 in Shapeshifting
 30157 | Zig:21   | Identified the ring "Ongetz" {Fire rElec MP+9 Dex-3 Stlth+}
 30166 | Zig:21   | Identified the +9 trident of Beakhai {drain, ^Drain rElec
                  | SInv}
 30249 | Zig:22   | Entered Level 22 of a ziggurat
 30296 | Zig:22   | Identified the scarf of Neemugi {shadows, rElec rC+ Int-2
                  | Stlth+}
 30298 | Zig:22   | Identified the +9 orcbow of the Apocalypse {freeze, rCorr
                  | Dex+3 SInv}
 30300 | Zig:22   | Identified the ring "Hyn Puydiaco" {rElec rN+ SInv Stlth+}
 30303 | Zig:22   | Identified the +4 orcbow of Omick {drain, ^Fragile rPois
                  | rC++}
 30328 | Zig:22   | Learned a level 8 spell: Disjunction
 30334 | Zig:23   | Entered Level 23 of a ziggurat
 30355 | Zig:23   | Reached skill level 15 in Translocations
 30366 | Zig:23   | Reached skill level 10 in Ice Magic
 30389 | Zig:23   | Got Sif Muna's Quarto of the Wayfarer
 30394 | Zig:23   | Identified the staff of Sif Muna's Grace {rElec rF- rN+
                  | Dex+4 Necro Air}
 30395 | Zig:23   | Identified the +8 mace of Ashenzari, Shouting {freeze,
                  | Dex+3}
 30403 | Zig:24   | Entered Level 24 of a ziggurat
 30460 | Zig:24   | Identified the +1 robe of the Gloaming {Rampage rPois rC-
                  | Str+6}
 30465 | Zig:24   | Identified the +11 spear of Capital Punishment {heavy,
                  | Will+ Str+3 Int+3}
 30490 | Zig:25   | Entered Level 25 of a ziggurat
 30502 | Zig:25   | Noticed a royal mummy
 30515 | Zig:25   | Noticed a royal mummy
 30515 | Zig:25   | Noticed a royal mummy
 30515 | Zig:25   | Noticed a royal mummy
 30515 | Zig:25   | Noticed a royal mummy
 30515 | Zig:25   | Noticed a royal mummy
 30515 | Zig:25   | Noticed a royal mummy
 30515 | Zig:25   | Noticed a royal mummy
 30515 | Zig:25   | Noticed a royal mummy
 30516 | Zig:25   | Killed a royal mummy
 30516 | Zig:25   | Killed a royal mummy
 30516 | Zig:25   | Noticed a royal mummy
 30517 | Zig:25   | Killed a royal mummy
 30517 | Zig:25   | Killed a royal mummy
 30517 | Zig:25   | Killed a royal mummy
 30518 | Zig:25   | Killed a royal mummy
 30518 | Zig:25   | Noticed a royal mummy
 30518 | Zig:25   | Noticed a royal mummy
 30519 | Zig:25   | Killed a royal mummy
 30519 | Zig:25   | Killed a royal mummy
 30519 | Zig:25   | Noticed a royal mummy
 30519 | Zig:25   | Killed a royal mummy
 30520 | Zig:25   | Noticed a royal mummy
 30520 | Zig:25   | Noticed a royal mummy
 30520 | Zig:25   | Noticed a royal mummy
 30521 | Zig:25   | Killed a royal mummy
 30521 | Zig:25   | Killed a royal mummy
 30521 | Zig:25   | Noticed a royal mummy
 30521 | Zig:25   | Noticed a royal mummy
 30522 | Zig:25   | Killed a royal mummy
 30522 | Zig:25   | Killed a royal mummy
 30522 | Zig:25   | Killed a royal mummy
 30522 | Zig:25   | Killed a royal mummy
 30522 | Zig:25   | Killed a royal mummy
 30523 | Zig:25   | Killed a royal mummy
 30524 | Zig:25   | Killed a royal mummy
 30525 | Zig:25   | Reached skill level 15 in Ice Magic
 30543 | Zig:25   | Identified the staff of Truncation {rPois rF+ Dex+2 Summ
                  | Fire}
 30648 | Zig:26   | Entered Level 26 of a ziggurat
 30663 | Zig:26   | Noticed an ancient lich
 30663 | Zig:26   | Noticed a dread lich
 30665 | Zig:26   | Killed an ancient lich
 30665 | Zig:26   | Killed a dread lich
 30669 | Zig:26   | Gained mutation: You sometimes lose your temper in combat.
                  | [a shining eye]
 30674 | Zig:26   | Noticed a dread lich
 30675 | Zig:26   | Killed a dread lich
 30676 | Zig:26   | Noticed a dread lich
 30678 | Zig:26   | Killed a dread lich
 30678 | Zig:26   | Noticed a dread lich
 30678 | Zig:26   | Noticed a dread lich
 30680 | Zig:26   | Killed a dread lich
 30681 | Zig:26   | Killed a dread lich
 30684 | Zig:26   | Noticed an ancient lich
 30686 | Zig:26   | Killed an ancient lich
 30702 | Zig:26   | Found the +3 greatsling "Punk" {acid, rCorr}
 30712 | Zig:26   | Acquired a book of Touch
 30713 | Zig:26   | Acquired the ring of Neschesed {Wiz rN+}
 30714 | Zig:26   | Acquired a book of Touch
 30721 | Zig:26   | Identified the +9 morningstar of the Powerful God {drain,
                  | *Noise Will+ rCorr Int+7}
 30728 | Zig:26   | Identified the +10 trident of Currency {vamp, rElec rF+
                  | Str-5}
 30738 | Zig:26   | Identified the +1 dagger "Newtslayer" {flame, +Blink rElec
                  | Str-2}
 30750 | Zig:27   | Entered Level 27 of a ziggurat
 30840 | Zig:27   | Learned a level 9 spell: Polar Vortex
 31037 | Tar:6    | Noticed a dread lich
 31039 | Tar:6    | Reached skill level 10 in Stealth
 31039 | Tar:6    | Killed a dread lich
 31040 | Tar:6    | Reached skill level 15 in Dodging
 31055 | Tar:7    | Entered Level 7 of Tartarus
 31124 | Tar:7    | Noticed an ancient lich
 31127 | Tar:7    | Killed an ancient lich
 31176 | Tar:7    | Noticed Ereshkigal
 31179 | Tar:7    | Got a bone rune of Zot
 31271 | Hell     | Found a gateway to the freezing wastes of Cocytus.
 31285 | Coc:1    | Entered Level 1 of Cocytus
 31290 | Coc:1    | Reached skill level 15 in Transmutations
 31360 | Coc:2    | Paralysed by a wendigo for 1 turns
 31400 | Coc:3    | Noticed a shard shrike
 31400 | Coc:3    | Noticed a shard shrike
 31400 | Coc:3    | Noticed a shard shrike
 31400 | Coc:3    | Noticed a shard shrike
 31401 | Coc:3    | Killed a shard shrike
 31401 | Coc:3    | Killed a shard shrike
 31401 | Coc:3    | Killed a shard shrike
 31402 | Coc:3    | Killed a shard shrike
 31465 | Coc:6    | Noticed a shard shrike
 31465 | Coc:6    | Noticed a shard shrike
 31466 | Coc:6    | Killed a shard shrike
 31466 | Coc:6    | Killed a shard shrike
 31468 | Coc:6    | Noticed a shard shrike
 31468 | Coc:6    | Noticed a shard shrike
 31469 | Coc:6    | Noticed a shard shrike
 31470 | Coc:6    | Killed a shard shrike
 31470 | Coc:6    | Killed a shard shrike
 31471 | Coc:6    | Killed a shard shrike
 31473 | Coc:6    | Noticed a shard shrike
 31477 | Coc:6    | Killed a shard shrike
 31490 | Coc:6    | Noticed a shard shrike
 31490 | Coc:6    | Noticed a shard shrike
 31491 | Coc:6    | Killed a shard shrike
 31493 | Coc:6    | Noticed a shard shrike
 31494 | Coc:6    | Reached skill level 27 in Translocations
 31495 | Coc:6    | Killed a shard shrike
 31495 | Coc:6    | Killed a shard shrike
 31498 | Coc:6    | Noticed a shard shrike
 31502 | Coc:6    | Killed a shard shrike
 31527 | Coc:7    | Entered Level 7 of Cocytus
 31567 | Coc:7    | Paralysed by a wendigo for 1 turns
 31614 | Coc:7    | Noticed a shard shrike
 31618 | Coc:7    | Killed a shard shrike
 31619 | Coc:7    | Noticed a shard shrike
 31621 | Coc:7    | Killed a shard shrike
 31635 | Coc:7    | Noticed Antaeus
 31639 | Coc:7    | Got an icy rune of Zot
 31654 | Coc:7    | Killed Antaeus
 31762 | Zot:1    | Entered Level 1 of the Realm of Zot
 31800 | Zot:2    | Noticed an orb of fire
 31805 | Zot:2    | Killed an orb of fire
 31805 | Zot:2    | Noticed a curse toe
 31810 | Zot:2    | Killed a curse toe
 31902 | Zot:4    | Noticed an orb of fire
 31907 | Zot:4    | Killed an orb of fire
 31936 | Zot:5    | Entered Level 5 of the Realm of Zot
 31970 | Zot:5    | Noticed an ancient lich
 31970 | Zot:5    | Noticed an orb of fire
 31973 | Zot:5    | Killed an orb of fire
 31974 | Zot:5    | Killed an ancient lich
 31988 | Zot:5    | Noticed a dread lich
 31992 | Zot:5    | Killed a dread lich
 31996 | Zot:5    | Noticed an ancient lich
 32000 | Zot:5    | Noticed a dread lich
 32000 | Zot:5    | Noticed a Killer Klown
 32000 | Zot:5    | Noticed a Killer Klown
 32001 | Zot:5    | Noticed an ancient lich
 32001 | Zot:5    | Noticed an ancient lich
 32001 | Zot:5    | Noticed an orb of fire
 32003 | Zot:5    | Killed an ancient lich
 32006 | Zot:5    | Killed an ancient lich
 32007 | Zot:5    | Killed a dread lich
 32007 | Zot:5    | Killed a Killer Klown
 32008 | Zot:5    | Killed an orb of fire
 32008 | Zot:5    | Killed an ancient lich
 32014 | Zot:5    | Killed a Killer Klown
 32021 | Zot:5    | Noticed a Killer Klown
 32025 | Zot:5    | Killed a Killer Klown
 32030 | Zot:5    | Noticed a dread lich
 32035 | Zot:5    | Killed a dread lich
 32045 | Zot:5    | Noticed an ancient lich
 32047 | Zot:5    | Got the Orb of Zot
 32048 | Zot:5    | Noticed an ancient lich
 32051 | Zot:5    | Killed an ancient lich
 32064 | Zot:5    | Noticed an orb of fire
 32068 | Zot:5    | Noticed a dread lich
 32069 | Zot:5    | Killed an orb of fire
 32070 | Zot:5    | Killed a dread lich
 32128 | Zot:3    | Noticed Boris
 32130 | Zot:3    | Killed Boris
 32539 | D:$      | Escaped with the Orb!

Illustrated notes

Levels and vault maps discovered:
D:1:      wander_arrival_desolate, layout_rooms, basic_ecumenical_altar,
          chequers_decorated_corner
D:2:      layout_loops_cross, grunt_decor_mini_mirrors, uniq_jessica
D:3:      layout_loops_ring, cheibrodos_gnoll_hut, uniq_crazy_yiuf_cottage
D:4:      layout_rooms, minmay_temple_entry_fiery, minmay_distorted
D:5:      layout_gridville, nicolae_elyvilon_temple_path, roderic_roman_lattice,
          serial_bayou_pond_e, kennysheep_doodads, amethyst_killhole,
          bh_walls_and_bars, uniq_menkaure, uniq_edmund, uniq_pikel
D:6:      layout_cave_pools, serial_shops, kennysheep_mini
D:7:      layout_loops_ring, mainiacjoe_overflow_divided_tiny,
          hangedman_abyss_or_decor_passed, uniq_jeremiah
D:8:      layout_rooms, mainiacjoe_overflow_small_starburst,
          due_lair_maze_entry_diamond, enter_bailey_5, uniq_maggie
D:9:      layout_roguey, grunt_dithmenos_smoke, nicolae_ru_path_of_blood,
          serial_shops, nicolae_shop_tiny_statue_garden,
          gammafunk_ghost_hydra_chop
D:10:     layout_gridville, minivault_27
D:11:     layout_cave_pools, portal_ice_cave_entry_pillars_2
D:12:     layout_rooms, david_orc_3
D:13:     layout_cave_pools, minmay_misc_feat_chi, minmay_statue_crystal_thing
D:14:     layout_irregular_city, skrybe_vaults_entry_preservation, serial_shops,
          shop, nicolae_qazlal_style_of_elements
D:15:     grunt_enter_depths_snipers, layout_basic, nicolae_sextant,
          nicolae_trove_entry_free_sample, minmay_protected_statue
Temple:   minmay_temple_bridge_d
Lair:1:   layout_chaotic_city
Lair:2:   layout_cave_pods, nicolae_spider_entry_lesser_pyramids, worms_lemuel,
          grunt_megastairs_3
Lair:3:   layout_cave_pods, elwin_shoals_entry_rooms, infiniplex_staircase_pool,
          grunt_megastairs_5, uniq_amaemon, uniq_gastronok
Lair:4:   wad_woods_04, layout_gridlike, dpeg_slime_entry_enclosed
Lair:5:   guppyfry_lair_end_dragon, layout_cave_pods, uniq_rupert
Shoals:1: layout_shoals, serial_shops, shop, nicolae_shoals_arrival_archipelago,
          uniq_josephine
Shoals:2: layout_shoals, gammafunk_ghost_cemetery
Shoals:3: argonaut_golden_fleece, layout_shoals, uniq_ilsuiw
Shoals:4: shoals_end_simple, layout_shoals, nicolae_shoals_gull_way
Spider:1: layout_spider_delve, uniq_jorgrun, uniq_roxanne, uniq_agnes
Spider:2: layout_chambers, nicolae_spider_webbed_stairs, uniq_mlioglotl,
          uniq_nikola, uniq_arachne
Spider:3: layout_spider_delve, nicolae_spider_nooks_and_crannies, uniq_louise
Spider:4: grunt_spider_rune_parallel, uniq_bai_suzhen
Slime:1:  layout_caves
Slime:2:  layout_caves, nicolae_slime_rock_hall_of_fame
Slime:3:  layout_caves
Slime:4:  layout_caves, nicolae_slime_barrier, nicolae_slime_getting_an_eyeful
Slime:5:  slime_pit_nicolae_trefoil
Orc:1:    layout_caves, basic_altar
Orc:2:    grunt_orc_gardens, layout_diamond_mine, grunt_orc_garden,
          grunt_orc_garden, grunt_orc_garden, grunt_orc_garden, serial_shops,
          shop, nicolae_specific_store
Vaults:1: ontoclasm_vaults_spin, nicolae_vaults_network_square, v_pattern_4,
          v_misc_11, v_rooms_6, minmay_orc_keep, nicolae_vaults_murder_corner,
          nicolae_vaults_theta, v_misc_17, nicolae_vaults_house_2,
          layout_vaults_omnibox
Vaults:2: minmay_crypt_entry_simple_corners, hangedman_vaults_cutoff,
          nicolae_vaults_apartment_2, vaults_dpeg_emergency_exit,
          hangedman_vaults_river_flow, nicolae_vaults_diamond_2,
          nicolae_vaults_cornered_office, vaults_mumra_minichess_inversion,
          lightli_church_of_beogh, nicolae_vaults_diamond_1, v_misc_26,
          hangedman_vaults_stagger, layout_vaults_maze_bifur, serial_shops,
          bzr_entry_customers
Vaults:3: nicolae_vaults_diamond_2, v_rooms_3, vaults_room_door_hall,
          hangedman_vaults_snaps, nicolae_vaults_weapon_check,
          nicolae_vaults_border_crossing, nicolae_vaults_mini_display_case,
          nicolae_vaults_trapezoid_4, vaults_room_stairs_pillars,
          ontoclasm_vaults_loading_screen, nicolae_vaults_little_ls,
          kennysheep_ogre_elephant_herders, layout_vaults_omnicross
Vaults:4: advil_vaults_ghost_lines, nicolae_vaults_trapezoid_lopsided_1,
          nicolae_vaults_c_with_doors, ontoclasm_vaults_hangar,
          hangedman_vaults_stitches, nicolae_vaults_network_star,
          hangedman_vaults_trim, v_misc_3, vaults_room_stairs_pillars,
          nicolae_vaults_house_3, v_misc_29, nicolae_vaults_trapezoid_2,
          layout_vaults_chaotic_city, serial_shops,
          nicolae_shop_tiny_statue_garden
Vaults:5: uniq_mennas
Crypt:1:  layout_catacombs
Crypt:2:  layout_regular_city, lemuel_upstairs_altar, uniq_xtahua,
          uniq_josephina
Crypt:3:  due_elkab, layout_chaotic_city, grunt_ministairs_5,
          serial_library_hellmonk_open_cross
Tomb:1
Tomb:2
Tomb:3
Depths:1: layout_honeycomb, enter_ziggurat_f, chequers_hall_statues_wall_a,
          pf_hell_entry_tar_spiral, abyss_entry, lemuel_freeze_loot_1
Depths:2: kennysheep_large_vault, layout_basic, rand_demon_pan_entry_5,
          minmay_misc_feat_pillars, grunt_metal_band
Depths:3: kennysheep_blocky_hall, layout_twisted_cross,
          chequers_serial_rivers_large_a, minmay_room_of_horrors, hell_entry,
          rand_demon_pan_entry_1, uniq_margery, uniq_boris
Depths:4: grunt_bruiser_brothers, layout_long_grid, serial_shops, statue_bzr,
          rand_demon_pan_entry_8, grunt_hell_entry_dis_mu, fedhas_altar_4,
          serial_bayou_lake_a, uniq_vv
Hell
Dis:1:    layout_subdivisions
Dis:2:    layout_subdivisions
Dis:3:    layout_regular_city
Dis:4:    layout_regular_city, nicolae_hells_seeping_fissure
Dis:5:    layout_gridville
Dis:6:    layout_jigsaw
Dis:7:    iron_city_of_dis [dis_mu, dis_wall_4], layout_gridville
Geh:1:    layout_gehenna_pools_triple, nicolae_hells_hurtin_island
Geh:2:    layout_gehenna_pools_triple
Geh:3:    layout_gehenna_pools_box
Geh:4:    layout_gehenna_pools_box, lemuel_old_faithful
Geh:5:    hangedman_generic_boss_arena
Geh:6:    layout_gehenna_pools_triple, nicolae_hells_fiendish_ambush
Geh:7:    geh_grunt_pentagon
Coc:1:    nooodl_cocytus_jagged_cave
Coc:2:    layout_cocytus_delve
Coc:3:    layout_ice_bergs
Coc:4:    layout_ice_bergs
Coc:5:    layout_cocytus_water_paths
Coc:6:    layout_cocytus_delve
Coc:7:    coc_dpeg
Tar:1:    layout_catacombs, nicolae_tar_cuneiform_oil
Tar:2:    layout_honeycomb
Tar:3:    layout_grid_maze
Tar:4:    nicolae_tar_ssshhh
Tar:5:    layout_grid_maze
Tar:6:    nicolae_tar_intersect_combbox, layout_cathedral_of_symmetry
Tar:7:    tar_mu [tar_mu_maze]
Zot:1:    nicolae_zot_draconian_monastery, layout_basic, skrybe_zot_glass_1,
          st_stairs_14
Zot:2:    layout_cathedral_of_symmetry, nicolae_lava_and_water
Zot:3:    dreamdust_zin_vs_xom, layout_twisted_circle,
          regret_index_zotdec_silver_v_v_loose
Zot:4:    layout_basic, regret_index_zotdec_dark_gr, hangedman_player_shredder,
          grunt_megastairs_1
Zot:5:    layout_misc_corridors

Skill      XL: |  1  2  3  4  5  6  7  8  9 10 11 12 13 14 15 16 17 18 19 20 21 22 23 24 25 26 27 |
---------------+----------------------------------------------------------------------------------+-----
Unarmed Combat | 4 5 6 7 |  7.0
Shields        | 1 2 3 4 5 6 7 21 | 21.1
Shapeshifting  | 4 6 7 9 10 15 16 27 | 27.0
Fighting       | 2 3 4 7 8 10 11 12 13 14 27 | 27.0
Spellcasting   | 1 2 3 5 9 10 12 14 15 16 17 18 19 20 21 27 | 27.0
Translocations | 1 2 3 27 | 27.0
Armour         | 1 2 3 4 5 |  5.0
Evocations     | 2 3 4 5 6 22 | 22.6
Ice Magic      | 3 24 | 24.0
Necromancy     | 1 4 5 6 24 | 24.7
Fire Magic     | 1 5 6 7 9 13 14 16 17 18 19 20 21 22 26 | 26.7
Poison Magic   | 8 10 | 10.0
Conjurations   | 1 7 8 10 12 14 17 19 20 21 27 | 27.0
Transmutations | 7 17 | 17.6
Dodging        | 3 5 19 | 19.5
Throwing       | 2 3 5 6 16 | 16.0
Earth Magic    | 5 7 13 15 27 | 27.0
Air Magic      | 3 8 9 27 | 27.0
Stealth        | 1 12 | 12.8
Staves         | 11 | 11.0
Maces & Flails | 14 | 14.2

Action                     |  1- 3 |  4- 6 |  7- 9 | 10-12 | 13-15 | 16-18 | 19-21 | 22-24 | 25-27 || total
---------------------------+-------+-------+-------+-------+-------+-------+-------+-------+-------++-------
  Melee: Unarmed           |    41 |   158 |   175 |   146 |    31 |    48 |       |       |       ||   599
         Short sword       |       |       |    10 |       |       |       |       |       |       ||    10
         Bite              |       |       |    10 |    20 |     1 |     4 |     2 |     1 |       ||    38
         Staff             |       |       |       |       |       |     1 |    12 |     2 |    42 ||    57
         Kick              |       |       |       |       |       |       |       |       |    35 ||    35
         Peck              |       |       |       |       |       |       |       |       |    20 ||    20
         Eveningstar       |       |       |       |       |       |       |       |       |    17 ||    17
   Fire: Sling             |       |       |    16 |       |       |       |       |       |       ||    16
  Throw: Dart              |       |       |    16 |       |     2 |     1 |     3 |       |       ||    22
         Stone             |       |       |     2 |       |       |       |       |       |       ||     2
         Boomerang         |       |       |     6 |    40 |    20 |       |       |       |       ||    66
         Throwing net      |       |       |       |       |       |       |     1 |       |     1 ||     2
         Javelin           |       |       |       |       |       |       |       |       |    11 ||    11
   Cast: Apportation       |       |    15 |    47 |    38 |   151 |    81 |   128 |    26 |   401 ||   887
         Vampiric Draining |       |       |       |    21 |       |     7 |     5 |       |       ||    33
         Scorch            |       |       |       |     6 |    83 |     5 |       |       |       ||    94
         Olgreb's Toxic Ra |       |       |       |    26 |   141 |    81 |    15 |       |       ||   263
         Ignite Poison     |       |       |       |       |    97 |    65 |    12 |       |       ||   174
         Irradiate         |       |       |       |       |    47 |    42 |    53 |    23 |    22 ||   187
         Flame Wave        |       |       |       |       |     7 |       |       |       |       ||     7
         Starburst         |       |       |       |       |    13 |    35 |    67 |   103 |       ||   218
         Fireball          |       |       |       |       |     3 |    64 |   181 |    67 |       ||   315
         Ignition          |       |       |       |       |     2 |    86 |   129 |    47 |    69 ||   333
         Lee's Rapid Decon |       |       |       |       |       |     6 |    36 |     8 |       ||    50
         Fire Storm        |       |       |       |       |       |       |       |    61 |   199 ||   260
         Bombard           |       |       |       |       |       |       |       |       |     5 ||     5
         Chain Lightning   |       |       |       |       |       |       |       |       |  1312 ||  1312
         Shatter           |       |       |       |       |       |       |       |       |   556 ||   556
         Passwall          |       |       |       |       |       |       |       |       |    30 ||    30
         Polar Vortex      |       |       |       |       |       |       |       |       |    13 ||    13
         Maxwell's Capacit |       |       |       |       |       |       |       |       |     9 ||     9
         Blink             |       |       |       |       |       |       |       |       |     2 ||     2
         Death's Door      |       |       |       |       |       |       |       |       |     2 ||     2
         Disjunction       |       |       |       |       |       |       |       |       |     1 ||     1
Ability: Begin Untransform |       |     1 |       |     1 |       |       |       |     2 |     3 ||     7
         Evoke Blink       |       |       |       |       |       |       |       |       |     3 ||     3
  Evoke: Wand              |       |     6 |    15 |    15 |     7 |     3 |    11 |    10 |    15 ||    82
         Phial of floods   |       |       |       |     1 |     1 |     1 |     2 |       |       ||     5
         Lightning rod     |       |       |       |       |       |     5 |     7 |     4 |     5 ||    21
         Phantom mirror    |       |       |       |       |       |       |       |     1 |     2 ||     3
         Box of beasts     |       |       |       |       |       |       |       |       |     1 ||     1
         Figurine of a zig |       |       |       |       |       |       |       |       |     1 ||     1
    Use: Scroll            |       |     1 |     6 |    11 |     7 |    14 |     6 |    10 |    53 ||   108
         Potion            |       |       |    12 |     3 |     2 |     1 |     6 |     8 |    38 ||    70
   Stab: Paralysed         |       |     7 |    20 |    23 |       |       |       |       |       ||    50
 Armour: Animal skin       |     2 |       |       |       |       |       |       |       |       ||     2
         Scale mail        |    22 |    80 |   122 |    33 |       |       |       |       |       ||   257
         Skin              |       |       |    30 |     6 |       |       |     3 |    14 |  2125 ||  2178
         Ring mail         |       |       |       |    14 |       |       |       |       |       ||    14
         Acid dragon scale |       |       |       |     9 |    36 |       |       |       |       ||    45
         Troll leather arm |       |       |       |       |    81 |   279 |   187 |    77 |   205 ||   829
  Dodge: Dodged            |    12 |    56 |    81 |    34 |    66 |   151 |   105 |    33 |   699 ||  1237
  Block: Buckler           |     4 |    28 |    46 |    53 |    67 |   100 |    61 |    31 |   289 ||   679
         Reflection        |       |       |       |       |     4 |       |       |       |       ||     4
   Form: Beast             |       |     1 |     1 |       |       |       |       |       |       ||     2
         Blade             |       |       |     1 |       |       |       |       |       |       ||     1
         Flux              |       |       |     1 |       |       |       |       |       |       ||     1
         Statue            |       |       |       |       |       |       |     1 |     2 |     3 ||     6
         Death             |       |       |       |       |       |       |       |       |     5 ||     5

Table legend: (Time is in decaauts)
 A = Elapsed time spent in this place.
 B = Non-inter-level travel time spent in this place.
 C = Inter-level travel time spent in this place.
 D = Time resting spent in this place.
 E = Time spent auto-exploring this place.
 F = Levels seen in this place.
 G = Mean time per level.
                   A        B        C        D        E       F      G
               +--------+--------+--------+--------+--------+-----+--------+
         Total |  38982 |  36592 |   2390 |   1277 |   1651 | 166 |  234.8 |
       Dungeon |   8135 |   7170 |    965 |     41 |      0 |  15 |  542.3 |
        Temple |    138 |      4 |    134 |      0 |      0 |   1 |  138.0 |
          Lair |   2431 |   2301 |    130 |      0 |      0 |   5 |  486.2 |
        Shoals |   1921 |   1868 |     53 |      0 |      0 |   4 |  480.2 |
   Spider Nest |   1778 |   1757 |     21 |      0 |      0 |   4 |  444.5 |
    Slime Pits |   1099 |   1099 |      0 |     83 |      0 |   5 |  219.8 |
  Orcish Mines |    635 |    602 |     33 |      0 |      0 |   2 |  317.5 |
        Vaults |   3785 |   3368 |    417 |    100 |      0 |   5 |  757.0 |
         Crypt |   1418 |   1230 |    188 |      0 |      0 |   3 |  472.7 |
          Tomb |   1031 |   1015 |     16 |    204 |      0 |   3 |  343.7 |
        Depths |   2665 |   2387 |    278 |      6 |      0 |   4 |  666.2 |
          Hell |    426 |    406 |     20 |    130 |      0 |   1 |  426.0 |
           Dis |    949 |    949 |      0 |     34 |      0 |   7 |  135.6 |
       Gehenna |    882 |    854 |     28 |     28 |      0 |   7 |  126.0 |
       Cocytus |    413 |    413 |      0 |      0 |      0 |   7 |   59.0 |
      Tartarus |    914 |    877 |     37 |      0 |      0 |   7 |  130.6 |
           Zot |    429 |    363 |     66 |      0 |      0 |   5 |   85.8 |
         Abyss |    273 |    273 |      0 |      0 |      0 |   3 |   91.0 |
   Pandemonium |   2397 |   2397 |      0 |     10 |      0 |  19 |  126.2 |
      Ziggurat |   5963 |   5963 |      0 |    235 |   1635 |  54 |  110.4 |
        Bazaar |    163 |    163 |      0 |      0 |     16 |   2 |   81.5 |
         Trove |     34 |     34 |      0 |      0 |      0 |   1 |   34.0 |
        Bailey |    497 |    497 |      0 |     88 |      0 |   1 |  497.0 |
      Ice Cave |    596 |    596 |      0 |    315 |      0 |   1 |  596.0 |
               +--------+--------+--------+--------+--------+-----+--------+

Top non-repeatable levels by time:
Vaults:4: 955 daAuts
Depths:2: 800 daAuts
Vaults:1: 769 daAuts
    D:15: 754 daAuts
Depths:4: 745 daAuts
    D:14: 710 daAuts
    D:10: 700 daAuts
     D:3: 699 daAuts
Vaults:3: 698 daAuts
Vaults:2: 688 daAuts
Shoals:4: 684 daAuts
Vaults:5: 672 daAuts
Depths:1: 659 daAuts
 Slime:5: 650 daAuts
     D:9: 625 daAuts
